Workbook
Name AAA_DOCTOPS: "AAA_SET"
Name AAA_duser: "OFF"
Name AAB_Addin5: "AAB_Description for addin 5,Description for addin 5,Description for addin 5,Description for addin 5,Description for addin 5,Description for addin 5"
Name ABN: Cover!$C$17
Name AGL_GAS_NETWORKS: "YTD-ACTUAL99"
Name anscount: 1
Name BaseDeal: 1000000
Name cBoard: 1
Name cManual: 0
Name EssAliasTable: "Default"
Name EssLatest: "P01"
Name limcount: 1
Name main__Inputs_oldornew: "old"
Name main__Inputs_rowins_numb: 7
Name main__Inputs_rowins0001: "00149to00149"
Name main__Inputs_rowins0002: "00152to00154"
Name main__Inputs_rowins0003: "00290to00294"
Name main__Inputs_rowins0004: "00301to00303"
Name main__Inputs_rowins0005: "00389to00389"
Name main__Inputs_rowins0006: "00533to00536"
Name main__Inputs_rowins0007: "00667to00674"
Name No.: TRUE
Name NvsASD: "V2003-06-30"
Name NvsAutoDrillOk: "VN"
Name NvsElapsedTime: 0.000465162032924127
Name NvsEndTime: 37824.3469520833
Name NvsInstSpec: "%,FBUSINESS_UNIT,TLEGAL_ENTITIES,NAEG"
Name NvsLayoutType: "M3"
Name NvsNplSpec: "%,X,RZF..,CZF.."
Name NvsPanelEffdt: "V2001-07-01"
Name NvsPanelSetid: "VSHARE"
Name NvsReqBU: "V11020"
Name NvsReqBUOnly: "VN"
Name NvsTransLed: "VN"
Name NvsTreeASD: "V2003-06-30"
Name NvsValTbl.ACCOUNT: "GL_ACCOUNT_TBL"
Name NvsValTbl.BUSINESS_UNIT: "BUS_UNIT_TBL_GL"
Name other_Inputs_oldornew: "new"
Name other_Inputs_rowins_numb: 13
Name other_Inputs_rowins0001: "00138to00139"
Name other_Inputs_rowins0002: "00243to00249"
Name other_Inputs_rowins0003: "00283to00286"
Name other_Inputs_rowins0004: "00413to00416"
Name other_Inputs_rowins0005: "00467to00467"
Name other_Inputs_rowins0006: "00483to00484"
Name other_Inputs_rowins0007: "00514to00515"
Name other_Inputs_rowins0008: "00526to00527"
Name other_Inputs_rowins0009: "00547to00550"
Name other_Inputs_rowins0010: "00559to00560"
Name other_Inputs_rowins0011: "00572to00572"
Name other_Inputs_rowins0012: "00638to00653"
Name other_Inputs_rowins0013: "00660to00661"
Name PrintAll: #N/A
Name RMCOptions: "*000000000000000"
Name RowColumnAligned: TRUE
Name RowColumnInsInfo: TRUE
Name rpipelines: Sheet1!$B$3:$B$12
Name rsharedassets: Sheet1!$B$15:$B$17
Name rYesNo: Sheet1!$B$19:$B$20
Name sencount: 1

Sheet Cover
A1: Gas Pipeline Operator
A2: Reporting template
A4: This template is to be uploaded by a Gas Pipeline Operator to its website to fulfil its annual reporting obligations.
A6: Colour coding of input sheets:
A7: Dark cyan = ERA instructions/headings
A8: Yellow = Input cells
A9: Grey - Not applicable/No inputs required
A11: Leave coloured cells blank if no information exists - PLEASE DO NOT ENTER TEXT unless specifically requested to do so.
A12: All dollar amounts are to be unrounded, and in nominal terms.
A15: Service provider: | C15: Southern Cross Pipelines Australia Pty Limited
A17: Australian business number: | C17: 64 084 521 997
A19: Pipeline name: | C19: Kalgoorlie Kambalda Pipeline
A21: Reporting period start date: | C21: 44378
A23: Reporting period end date: | C23: 44742
A25: Date opening RAB established | C25: 35247
A27: Publication date of this report: | C27: 44865
A29: Reported information is current at: | C29: 44742
A31: Has any information in this template been amended since last published within this current reporting period? | C31: No | F31: Basis of preparation reference
A34: Business address | B34: Address | D34: Level 25, 580 George Street
B35: Suburb | D35: Sydney
C36: State | D36: NSW | E36: Postcode | F36: 2000
A38: Postal address | B38: Address | D38: PO Box R41
B39: Suburb | D39: Sydney
C40: State | D40: NSW | E40: Postcode | F40: 1225
A43: Contact name/s | B43: Andrew Gibson (General Manager Investor Relations)
A44: Contact phone/s | B44: +61 (3) 8416 2466
A45: Contact email address/s | B45: APARegReporting@apa.com.au

Sheet Contents
E3: Table of contents

Sheet 1. Pipeline information
B1: Pipeline information
B2: =Tradingname -> Southern Cross Pipelines Australia Pty Limited
B3: Year ending | C3: =Yearending -> 44742
B5: Table 1.1: Pipeline details
B7: Pipeline location | C7: Western Australia
B8: Pipeline length (km) | C8: 44
B9: Number of customers | C9: 2
B10: Service type | C10: Transmission
B12: Table 1.2: Pipeline services provided
B14: Service description | C14: Provided to non related parties | D14: Provided to related parties
B15: Transportation services
B16: Firm forward haul transportation service | C16: Yes | D16: No
B17: Interruptible or as available transportation service | C17: Yes | D17: No
B18: Backhaul services | C18: No | D18: No
B19: Stand-alone compression services
B20: Firm stand-alone compression service | C20: No | D20: No
B21: Interruptible or as available stand-alone compression service | C21: No | D21: No
B22: Storage services
B23: Park services | C23: No | D23: No
B24: Park and loan services | C24: No | D24: No
B25: Trading services
B26: Capacity trading service | C26: No | D26: No
B27: In pipe trading service | C27: No | D27: No
B28: Other (please specify)
B29: other service (insert description)
B30: other service (insert description)
B31: other service (insert description)
B32: other service (insert description)
B33: other service (insert description)
B34: other service (insert description)
B35: other service (insert description)
B36: other service (insert description)

Sheet 1.1 Financial summary
B1: Financial Summary
B2: =Tradingname -> Southern Cross Pipelines Australia Pty Limited
B3: Year ending | C3: =Yearending -> 44742
B5: Table 1.1.1 Financial Summary
B7: Year | D7: =YEAR(Cover!$C$25)-1&"-"&RIGHT(YEAR(Cover!$C$25),2) -> 1995-96 | E7: =YEAR(Cover!$C$25)&"-"&RIGHT(YEAR(Cover!$C$25)+1,2) -> 1996-97 | F7: =YEAR(Cover!$C$25)+1&"-"&RIGHT(YEAR(Cover!$C$25)+2,2) -> 1997-98 | G7: =YEAR(Cover!$C$25)+2&"-"&RIGHT(YEAR(Cover!$C$25)+3,2) -> 1998-99 | H7: =YEAR(Cover!$C$25)+3&"-"&RIGHT(YEAR(Cover!$C$25)+4,2) -> 1999-00 | I7: =YEAR(Cover!$C$25)+4&"-"&RIGHT(YEAR(Cover!$C$25)+5,2) -> 2000-01 | J7: =YEAR(Cover!$C$25)+5&"-"&RIGHT(YEAR(Cover!$C$25)+6,2) -> 2001-02 | K7: =YEAR(Cover!$C$25)+6&"-"&RIGHT(YEAR(Cover!$C$25)+7,2) -> 2002-03 | L7: =YEAR(Cover!$C$25)+7&"-"&RIGHT(YEAR(Cover!$C$25)+8,2) -> 2003-04 | M7: =YEAR(Cover!$C$25)+8&"-"&RIGHT(YEAR(Cover!$C$25)+9,2) -> 2004-05 | N7: =YEAR(Cover!$C$25)+9&"-"&RIGHT(YEAR(Cover!$C$25)+10,2) -> 2005-06 | O7: =YEAR(Cover!$C$25)+10&"-"&RIGHT(YEAR(Cover!$C$25)+11,2) -> 2006-07 | P7: =YEAR(Cover!$C$25)+11&"-"&RIGHT(YEAR(Cover!$C$25)+12,2) -> 2007-08 | Q7: =YEAR(Cover!$C$25)+12&"-"&RIGHT(YEAR(Cover!$C$25)+13,2) -> 2008-09 | R7: =YEAR(Cover!$C$25)+13&"-"&RIGHT(YEAR(Cover!$C$25)+14,2) -> 2009-10 | S7: =YEAR(Cover!$C$25)+14&"-"&RIGHT(YEAR(Cover!$C$25)+15,2) -> 2010-11 | T7: =YEAR(Cover!$C$25)+15&"-"&RIGHT(YEAR(Cover!$C$25)+16,2) -> 2011-12 | U7: =YEAR(Cover!$C$25)+16&"-"&RIGHT(YEAR(Cover!$C$25)+17,2) -> 2012-13 | V7: =YEAR(Cover!$C$25)+17&"-"&RIGHT(YEAR(Cover!$C$25)+18,2) -> 2013-14 | W7: =YEAR(Cover!$C$25)+18&"-"&RIGHT(YEAR(Cover!$C$25)+19,2) -> 2014-15 | X7: =YEAR(Cover!$C$25)+19&"-"&RIGHT(YEAR(Cover!$C$25)+20,2) -> 2015-16 | Y7: =YEAR(Cover!$C$25)+20&"-"&RIGHT(YEAR(Cover!$C$25)+21,2) -> 2016-17 | Z7: =YEAR(Cover!$C$25)+21&"-"&RIGHT(YEAR(Cover!$C$25)+22,2) -> 2017-18 | AA7: =YEAR(Cover!$C$25)+22&"-"&RIGHT(YEAR(Cover!$C$25)+23,2) -> 2018-19 | AB7: =YEAR(Cover!$C$25)+23&"-"&RIGHT(YEAR(Cover!$C$25)+24,2) -> 2019-20 | AC7: =YEAR(Cover!$C$25)+24&"-"&RIGHT(YEAR(Cover!$C$25)+25,2) -> 2020-21 | AD7: =YEAR(Cover!$C$21)&"-"&RIGHT(YEAR(Cover!$C$23),2) -> 2021-22
B8: Inputs | C8: Guideline Reference
B9: CPI | C9: Section 1.5.2 | D9: ='3. Statement of pipeline assets'!D93 -> 0 | E9: ='3. Statement of pipeline assets'!E93 -> 0.0033388982 | F9: ='3. Statement of pipeline assets'!F93 -> 0.006655574 | G9: ='3. Statement of pipeline assets'!G93 -> 0.010743802 | H9: ='3. Statement of pipeline assets'!H93 -> 0.031888798 | I9: ='3. Statement of pipeline assets'!I93 -> 0.06022187 | J9: ='3. Statement of pipeline assets'!J93 -> 0.028400598 | K9: ='3. Statement of pipeline assets'!K93 -> 0.026889535 | ... AD9: ='3. Statement of pipeline assets'!AD93 -> 0.061447811
B10: Nominal WACC | C10: Section 6 | E10: 0.142775 | F10: 0.12501 | G10: 0.109395 | H10: 0.10676 | I10: 0.106345 | J10: 0.0938675 | K10: 0.08967 | L10: 0.0775275 | M10: 0.092045 | N10: 0.0850125 | O10: 0.0887775 | P10: 0.1046475 | Q10: 0.1084675 | R10: 0.0982675 | S10: 0.0958625 | T10: 0.09355 | U10: 0.07354 | V10: 0.0753125 | W10: 0.077025 | X10: 0.0698775 | Y10: 0.0571875 | Z10: 0.055494416 | AA10: 0.05716995 | AB10: 0.04577 | AC10: 0.035444 | AD10: 0.047310774
B11: Opening Asset Base ($m, Nominal) - RAB value | C11: Section 4 | D11: =('3. Statement of pipeline assets'!D13+'3. Statement of pipeline assets'!D20+'3. Statement of pipeline assets'!D26+'3. Statement of pipeline assets'!D32+'3. Statement of pipeline assets'!D38+'3. Statement of pipeline assets'!D44+'3. Statement of pipeline assets'!D50+'3. Statement of pipeline assets'!D56+'3. Statement of pipeline assets'!D62+'3. Statement of pipeline assets'!D68+'3. Statement of pipeline assets'!D76+'3. Statement of pipeline assets'!D82+'3. Statement of pipeline assets'!D88)/1000000 -> 0 | E11: =('3. Statement of pipeline assets'!E13+'3. Statement of pipeline assets'!E20+'3. Statement of pipeline assets'!E26+'3. Statement of pipeline assets'!E32+'3. Statement of pipeline assets'!E38+'3. Statement of pipeline assets'!E44+'3. Statement of pipeline assets'!E50+'3. Statement of pipeline assets'!E56+'3. Statement of pipeline assets'!E62+'3. Statement of pipeline assets'!E68+'3. Statement of pipeline assets'!E76+'3. Statement of pipeline assets'!E82+'3. Statement of pipeline assets'!E88)/1000000 -> 0 | F11: =('3. Statement of pipeline assets'!F13+'3. Statement of pipeline assets'!F20+'3. Statement of pipeline assets'!F26+'3. Statement of pipeline assets'!F32+'3. Statement of pipeline assets'!F38+'3. Statement of pipeline assets'!F44+'3. Statement of pipeline assets'!F50+'3. Statement of pipeline assets'!F56+'3. Statement of pipeline assets'!F62+'3. Statement of pipeline assets'!F68+'3. Statement of pipeline assets'!F76+'3. Statement of pipeline assets'!F82+'3. Statement of pipeline assets'!F88)/1000000 -> 12.709613 | G11: =('3. Statement of pipeline assets'!G13+'3. Statement of pipeline assets'!G20+'3. Statement of pipeline assets'!G26+'3. Statement of pipeline assets'!G32+'3. Statement of pipeline assets'!G38+'3. Statement of pipeline assets'!G44+'3. Statement of pipeline assets'!G50+'3. Statement of pipeline assets'!G56+'3. Statement of pipeline assets'!G62+'3. Statement of pipeline assets'!G68+'3. Statement of pipeline assets'!G76+'3. Statement of pipeline assets'!G82+'3. Statement of pipeline assets'!G88)/1000000 -> 12.634802 | H11: =('3. Statement of pipeline assets'!H13+'3. Statement of pipeline assets'!H20+'3. Statement of pipeline assets'!H26+'3. Statement of pipeline assets'!H32+'3. Statement of pipeline assets'!H38+'3. Statement of pipeline assets'!H44+'3. Statement of pipeline assets'!H50+'3. Statement of pipeline assets'!H56+'3. Statement of pipeline assets'!H62+'3. Statement of pipeline assets'!H68+'3. Statement of pipeline assets'!H76+'3. Statement of pipeline assets'!H82+'3. Statement of pipeline assets'!H88)/1000000 -> 12.610086 | I11: =('3. Statement of pipeline assets'!I13+'3. Statement of pipeline assets'!I20+'3. Statement of pipeline assets'!I26+'3. Statement of pipeline assets'!I32+'3. Statement of pipeline assets'!I38+'3. Statement of pipeline assets'!I44+'3. Statement of pipeline assets'!I50+'3. Statement of pipeline assets'!I56+'3. Statement of pipeline assets'!I62+'3. Statement of pipeline assets'!I68+'3. Statement of pipeline assets'!I76+'3. Statement of pipeline assets'!I82+'3. Statement of pipeline assets'!I88)/1000000 -> 12.855127 | J11: =('3. Statement of pipeline assets'!J13+'3. Statement of pipeline assets'!J20+'3. Statement of pipeline assets'!J26+'3. Statement of pipeline assets'!J32+'3. Statement of pipeline assets'!J38+'3. Statement of pipeline assets'!J44+'3. Statement of pipeline assets'!J50+'3. Statement of pipeline assets'!J56+'3. Statement of pipeline assets'!J62+'3. Statement of pipeline assets'!J68+'3. Statement of pipeline assets'!J76+'3. Statement of pipeline assets'!J82+'3. Statement of pipeline assets'!J88)/1000000 -> 13.462704 | K11: =('3. Statement of pipeline assets'!K13+'3. Statement of pipeline assets'!K20+'3. Statement of pipeline assets'!K26+'3. Statement of pipeline assets'!K32+'3. Statement of pipeline assets'!K38+'3. Statement of pipeline assets'!K44+'3. Statement of pipeline assets'!K50+'3. Statement of pipeline assets'!K56+'3. Statement of pipeline assets'!K62+'3. Statement of pipeline assets'!K68+'3. Statement of pipeline assets'!K76+'3. Statement of pipeline assets'!K82+'3. Statement of pipeline assets'!K88)/1000000 -> 13.713365 | ... AD11: =('3. Statement of pipeline assets'!AD13+'3. Statement of pipeline assets'!AD20+'3. Statement of pipeline assets'!AD26+'3. Statement of pipeline assets'!AD32+'3. Statement of pipeline assets'!AD38+'3. Statement of pipeline assets'!AD44+'3. Statement of pipeline assets'!AD50+'3. Statement of pipeline assets'!AD56+'3. Statement of pipeline assets'!AD62+'3. Statement of pipeline assets'!AD68+'3. Statement of pipeline assets'!AD76+'3. Statement of pipeline assets'!AD82+'3. Statement of pipeline assets'!AD88)/1000000 -> 17.005282
B12: Capex ($m, Nominal) | C12: Section 3 | D12: =('3. Statement of pipeline assets'!D14+'3. Statement of pipeline assets'!D21+'3. Statement of pipeline assets'!D27+'3. Statement of pipeline assets'!D33+'3. Statement of pipeline assets'!D39+'3. Statement of pipeline assets'!D45+'3. Statement of pipeline assets'!D51+'3. Statement of pipeline assets'!D57+'3. Statement of pipeline assets'!D63+'3. Statement of pipeline assets'!D69+'3. Statement of pipeline assets'!D77+'3. Statement of pipeline assets'!D83+'3. Statement of pipeline assets'!D89)/1000000 -> 0 | E12: =('3. Statement of pipeline assets'!E14+'3. Statement of pipeline assets'!E21+'3. Statement of pipeline assets'!E27+'3. Statement of pipeline assets'!E33+'3. Statement of pipeline assets'!E39+'3. Statement of pipeline assets'!E45+'3. Statement of pipeline assets'!E51+'3. Statement of pipeline assets'!E57+'3. Statement of pipeline assets'!E63+'3. Statement of pipeline assets'!E69+'3. Statement of pipeline assets'!E77+'3. Statement of pipeline assets'!E83+'3. Statement of pipeline assets'!E89)/1000000 -> 12.709613 | F12: =('3. Statement of pipeline assets'!F14+'3. Statement of pipeline assets'!F21+'3. Statement of pipeline assets'!F27+'3. Statement of pipeline assets'!F33+'3. Statement of pipeline assets'!F39+'3. Statement of pipeline assets'!F45+'3. Statement of pipeline assets'!F51+'3. Statement of pipeline assets'!F57+'3. Statement of pipeline assets'!F63+'3. Statement of pipeline assets'!F69+'3. Statement of pipeline assets'!F77+'3. Statement of pipeline assets'!F83+'3. Statement of pipeline assets'!F89)/1000000 -> 0 | G12: =('3. Statement of pipeline assets'!G14+'3. Statement of pipeline assets'!G21+'3. Statement of pipeline assets'!G27+'3. Statement of pipeline assets'!G33+'3. Statement of pipeline assets'!G39+'3. Statement of pipeline assets'!G45+'3. Statement of pipeline assets'!G51+'3. Statement of pipeline assets'!G57+'3. Statement of pipeline assets'!G63+'3. Statement of pipeline assets'!G69+'3. Statement of pipeline assets'!G77+'3. Statement of pipeline assets'!G83+'3. Statement of pipeline assets'!G89)/1000000 -> 0 | H12: =('3. Statement of pipeline assets'!H14+'3. Statement of pipeline assets'!H21+'3. Statement of pipeline assets'!H27+'3. Statement of pipeline assets'!H33+'3. Statement of pipeline assets'!H39+'3. Statement of pipeline assets'!H45+'3. Statement of pipeline assets'!H51+'3. Statement of pipeline assets'!H57+'3. Statement of pipeline assets'!H63+'3. Statement of pipeline assets'!H69+'3. Statement of pipeline assets'!H77+'3. Statement of pipeline assets'!H83+'3. Statement of pipeline assets'!H89)/1000000 -> 0.0051062343 | I12: =('3. Statement of pipeline assets'!I14+'3. Statement of pipeline assets'!I21+'3. Statement of pipeline assets'!I27+'3. Statement of pipeline assets'!I33+'3. Statement of pipeline assets'!I39+'3. Statement of pipeline assets'!I45+'3. Statement of pipeline assets'!I51+'3. Statement of pipeline assets'!I57+'3. Statement of pipeline assets'!I63+'3. Statement of pipeline assets'!I69+'3. Statement of pipeline assets'!I77+'3. Statement of pipeline assets'!I83+'3. Statement of pipeline assets'!I89)/1000000 -> 0.00083973838 | J12: =('3. Statement of pipeline assets'!J14+'3. Statement of pipeline assets'!J21+'3. Statement of pipeline assets'!J27+'3. Statement of pipeline assets'!J33+'3. Statement of pipeline assets'!J39+'3. Statement of pipeline assets'!J45+'3. Statement of pipeline assets'!J51+'3. Statement of pipeline assets'!J57+'3. Statement of pipeline assets'!J63+'3. Statement of pipeline assets'!J69+'3. Statement of pipeline assets'!J77+'3. Statement of pipeline assets'!J83+'3. Statement of pipeline assets'!J89)/1000000 -> 0.045835718 | K12: =('3. Statement of pipeline assets'!K14+'3. Statement of pipeline assets'!K21+'3. Statement of pipeline assets'!K27+'3. Statement of pipeline assets'!K33+'3. Statement of pipeline assets'!K39+'3. Statement of pipeline assets'!K45+'3. Statement of pipeline assets'!K51+'3. Statement of pipeline assets'!K57+'3. Statement of pipeline assets'!K63+'3. Statement of pipeline assets'!K69+'3. Statement of pipeline assets'!K77+'3. Statement of pipeline assets'!K83+'3. Statement of pipeline assets'!K89)/1000000 -> 0.0077620062 | ... AD12: =('3. Statement of pipeline assets'!AD14+'3. Statement of pipeline assets'!AD21+'3. Statement of pipeline assets'!AD27+'3. Statement of pipeline assets'!AD33+'3. Statement of pipeline assets'!AD39+'3. Statement of pipeline assets'!AD45+'3. Statement of pipeline assets'!AD51+'3. Statement of pipeline assets'!AD57+'3. Statement of pipeline assets'!AD63+'3. Statement of pipeline assets'!AD69+'3. Statement of pipeline assets'!AD77+'3. Statement of pipeline assets'!AD83+'3. Statement of pipeline assets'!AD89)/1000000 -> 0.20781574
B13: Total Contribution ($m, Nominal) | C13: Section 3 | D13: 0 | E13: 0 | F13: 0 | G13: 0 | H13: 0 | I13: 0 | J13: 0 | K13: 0 | L13: 0 | M13: 0 | N13: 0 | O13: 0 | P13: 0 | Q13: 0 | R13: 0 | S13: 0 | T13: 0 | U13: 0 | V13: 0 | W13: 0 | X13: 0 | Y13: 0 | Z13: 0 | AA13: 0 | AB13: 0 | AC13: 0 | AD13: =('2.2 Revenue contributions '!E15+'2.2 Revenue contributions '!D27)/1000000 -> 0
B14: Disposal (at proceeds)($m, Nominal) | C14: Section 3 | D14: =-('3. Statement of pipeline assets'!D16+'3. Statement of pipeline assets'!D23+'3. Statement of pipeline assets'!D29+'3. Statement of pipeline assets'!D35+'3. Statement of pipeline assets'!D41+'3. Statement of pipeline assets'!D47+'3. Statement of pipeline assets'!D53+'3. Statement of pipeline assets'!D59+'3. Statement of pipeline assets'!D65+'3. Statement of pipeline assets'!D71+'3. Statement of pipeline assets'!D79+'3. Statement of pipeline assets'!D85)/1000000 -> 0 | E14: =-('3. Statement of pipeline assets'!E16+'3. Statement of pipeline assets'!E23+'3. Statement of pipeline assets'!E29+'3. Statement of pipeline assets'!E35+'3. Statement of pipeline assets'!E41+'3. Statement of pipeline assets'!E47+'3. Statement of pipeline assets'!E53+'3. Statement of pipeline assets'!E59+'3. Statement of pipeline assets'!E65+'3. Statement of pipeline assets'!E71+'3. Statement of pipeline assets'!E79+'3. Statement of pipeline assets'!E85)/1000000 -> 0 | F14: =-('3. Statement of pipeline assets'!F16+'3. Statement of pipeline assets'!F23+'3. Statement of pipeline assets'!F29+'3. Statement of pipeline assets'!F35+'3. Statement of pipeline assets'!F41+'3. Statement of pipeline assets'!F47+'3. Statement of pipeline assets'!F53+'3. Statement of pipeline assets'!F59+'3. Statement of pipeline assets'!F65+'3. Statement of pipeline assets'!F71+'3. Statement of pipeline assets'!F79+'3. Statement of pipeline assets'!F85)/1000000 -> 0 | G14: =-('3. Statement of pipeline assets'!G16+'3. Statement of pipeline assets'!G23+'3. Statement of pipeline assets'!G29+'3. Statement of pipeline assets'!G35+'3. Statement of pipeline assets'!G41+'3. Statement of pipeline assets'!G47+'3. Statement of pipeline assets'!G53+'3. Statement of pipeline assets'!G59+'3. Statement of pipeline assets'!G65+'3. Statement of pipeline assets'!G71+'3. Statement of pipeline assets'!G79+'3. Statement of pipeline assets'!G85)/1000000 -> 0 | H14: =-('3. Statement of pipeline assets'!H16+'3. Statement of pipeline assets'!H23+'3. Statement of pipeline assets'!H29+'3. Statement of pipeline assets'!H35+'3. Statement of pipeline assets'!H41+'3. Statement of pipeline assets'!H47+'3. Statement of pipeline assets'!H53+'3. Statement of pipeline assets'!H59+'3. Statement of pipeline assets'!H65+'3. Statement of pipeline assets'!H71+'3. Statement of pipeline assets'!H79+'3. Statement of pipeline assets'!H85)/1000000 -> 0 | I14: =-('3. Statement of pipeline assets'!I16+'3. Statement of pipeline assets'!I23+'3. Statement of pipeline assets'!I29+'3. Statement of pipeline assets'!I35+'3. Statement of pipeline assets'!I41+'3. Statement of pipeline assets'!I47+'3. Statement of pipeline assets'!I53+'3. Statement of pipeline assets'!I59+'3. Statement of pipeline assets'!I65+'3. Statement of pipeline assets'!I71+'3. Statement of pipeline assets'!I79+'3. Statement of pipeline assets'!I85)/1000000 -> 0 | J14: =-('3. Statement of pipeline assets'!J16+'3. Statement of pipeline assets'!J23+'3. Statement of pipeline assets'!J29+'3. Statement of pipeline assets'!J35+'3. Statement of pipeline assets'!J41+'3. Statement of pipeline assets'!J47+'3. Statement of pipeline assets'!J53+'3. Statement of pipeline assets'!J59+'3. Statement of pipeline assets'!J65+'3. Statement of pipeline assets'!J71+'3. Statement of pipeline assets'!J79+'3. Statement of pipeline assets'!J85)/1000000 -> 0 | K14: =-('3. Statement of pipeline assets'!K16+'3. Statement of pipeline assets'!K23+'3. Statement of pipeline assets'!K29+'3. Statement of pipeline assets'!K35+'3. Statement of pipeline assets'!K41+'3. Statement of pipeline assets'!K47+'3. Statement of pipeline assets'!K53+'3. Statement of pipeline assets'!K59+'3. Statement of pipeline assets'!K65+'3. Statement of pipeline assets'!K71+'3. Statement of pipeline assets'!K79+'3. Statement of pipeline assets'!K85)/1000000 -> 0 | ... AD14: =-('3. Statement of pipeline assets'!AD16+'3. Statement of pipeline assets'!AD23+'3. Statement of pipeline assets'!AD29+'3. Statement of pipeline assets'!AD35+'3. Statement of pipeline assets'!AD41+'3. Statement of pipeline assets'!AD47+'3. Statement of pipeline assets'!AD53+'3. Statement of pipeline assets'!AD59+'3. Statement of pipeline assets'!AD65+'3. Statement of pipeline assets'!AD71+'3. Statement of pipeline assets'!AD79+'3. Statement of pipeline assets'!AD85)/1000000 -> 5.1032772e-05
B15: Opex ($m, Nominal) | C15: Section 3 | D15: 0 | E15: 0.078831576 | F15: 0.096837194 | G15: 0.098081272 | H15: 0.10039855 | I15: 0.10055355 | J15: 0.11020523 | K15: 0.10550781 | L15: 0.13301958 | M15: 0.11772101 | N15: 0.12625323 | O15: 0.13521965 | P15: 0.13908789 | Q15: 0.12872786 | R15: 0.13978677 | S15: 0.14263438 | T15: 0.16211831 | U15: 0.17943023 | V15: 0.1701832 | W15: 0.19101388 | X15: 0.18237991 | Y15: 0.18114454 | Z15: 0.18676397 | AA15: 0.25688072 | AB15: 0.37766277 | AC15: 0.52045233 | AD15: 0.52736214
B16: Net Tax Liabilities ($m, Nominal) | C16: Section 3 | D16: 0 | E16: 0 | F16: 0.041752367 | G16: 0.018193357 | H16: 0 | I16: 0 | J16: 0 | K16: 0 | L16: 0 | M16: 0 | N16: 0 | O16: 0 | P16: 0 | Q16: 0.030482961 | R16: 0 | S16: 0 | T16: 0.024902444 | U16: 0 | V16: 0 | W16: 0 | X16: 0 | Y16: 0.025453571 | Z16: 0.035463961 | AA16: 0.049757538 | AB16: 0.077529661 | AC16: 0 | AD16: 0
B19: Building Block Revenue ($m, Nominal) - RAB value | C19: Source
B20: Return on Capital | C20: Formula | D20: =(D11-D13-D14)*D10 -> 0 | E20: =(E11-E13-E14)*E10 -> 0 | F20: =(F11-F13-F14)*F10 -> 1.5888287 | G20: =(G11-G13-G14)*G10 -> 1.3821842 | H20: =(H11-H13-H14)*H10 -> 1.3462528 | I20: =(I11-I13-I14)*I10 -> 1.3670785 | J20: =(J11-J13-J14)*J10 -> 1.2637103 | K20: =(K11-K13-K14)*K10 -> 1.2296774 | ... AD20: =(AD11-AD13-AD14)*AD10 -> 0.80453064
B21: Return of Capital | C21: Output of roll forward per rule 77(2) | D21: =-('3. Statement of pipeline assets'!D17+'3. Statement of pipeline assets'!D22+'3. Statement of pipeline assets'!D28+'3. Statement of pipeline assets'!D34+'3. Statement of pipeline assets'!D40+'3. Statement of pipeline assets'!D46+'3. Statement of pipeline assets'!D52+'3. Statement of pipeline assets'!D58+'3. Statement of pipeline assets'!D64+'3. Statement of pipeline assets'!D70+'3. Statement of pipeline assets'!D78+'3. Statement of pipeline assets'!D84)/1000000 -> 0 | E21: =-('3. Statement of pipeline assets'!E17+'3. Statement of pipeline assets'!E22+'3. Statement of pipeline assets'!E28+'3. Statement of pipeline assets'!E34+'3. Statement of pipeline assets'!E40+'3. Statement of pipeline assets'!E46+'3. Statement of pipeline assets'!E52+'3. Statement of pipeline assets'!E58+'3. Statement of pipeline assets'!E64+'3. Statement of pipeline assets'!E70+'3. Statement of pipeline assets'!E78+'3. Statement of pipeline assets'!E84)/1000000 -> 0 | F21: =-('3. Statement of pipeline assets'!F17+'3. Statement of pipeline assets'!F22+'3. Statement of pipeline assets'!F28+'3. Statement of pipeline assets'!F34+'3. Statement of pipeline assets'!F40+'3. Statement of pipeline assets'!F46+'3. Statement of pipeline assets'!F52+'3. Statement of pipeline assets'!F58+'3. Statement of pipeline assets'!F64+'3. Statement of pipeline assets'!F70+'3. Statement of pipeline assets'!F78+'3. Statement of pipeline assets'!F84)/1000000 -> 0.074810842 | G21: =-('3. Statement of pipeline assets'!G17+'3. Statement of pipeline assets'!G22+'3. Statement of pipeline assets'!G28+'3. Statement of pipeline assets'!G34+'3. Statement of pipeline assets'!G40+'3. Statement of pipeline assets'!G46+'3. Statement of pipeline assets'!G52+'3. Statement of pipeline assets'!G58+'3. Statement of pipeline assets'!G64+'3. Statement of pipeline assets'!G70+'3. Statement of pipeline assets'!G78+'3. Statement of pipeline assets'!G84)/1000000 -> 0.024715708 | H21: =-('3. Statement of pipeline assets'!H17+'3. Statement of pipeline assets'!H22+'3. Statement of pipeline assets'!H28+'3. Statement of pipeline assets'!H34+'3. Statement of pipeline assets'!H40+'3. Statement of pipeline assets'!H46+'3. Statement of pipeline assets'!H52+'3. Statement of pipeline assets'!H58+'3. Statement of pipeline assets'!H64+'3. Statement of pipeline assets'!H70+'3. Statement of pipeline assets'!H78+'3. Statement of pipeline assets'!H84)/1000000 -> -0.23993501 | I21: =-('3. Statement of pipeline assets'!I17+'3. Statement of pipeline assets'!I22+'3. Statement of pipeline assets'!I28+'3. Statement of pipeline assets'!I34+'3. Statement of pipeline assets'!I40+'3. Statement of pipeline assets'!I46+'3. Statement of pipeline assets'!I52+'3. Statement of pipeline assets'!I58+'3. Statement of pipeline assets'!I64+'3. Statement of pipeline assets'!I70+'3. Statement of pipeline assets'!I78+'3. Statement of pipeline assets'!I84)/1000000 -> -0.60673657 | J21: =-('3. Statement of pipeline assets'!J17+'3. Statement of pipeline assets'!J22+'3. Statement of pipeline assets'!J28+'3. Statement of pipeline assets'!J34+'3. Statement of pipeline assets'!J40+'3. Statement of pipeline assets'!J46+'3. Statement of pipeline assets'!J52+'3. Statement of pipeline assets'!J58+'3. Statement of pipeline assets'!J64+'3. Statement of pipeline assets'!J70+'3. Statement of pipeline assets'!J78+'3. Statement of pipeline assets'!J84)/1000000 -> -0.20482525 | K21: =-('3. Statement of pipeline assets'!K17+'3. Statement of pipeline assets'!K22+'3. Statement of pipeline assets'!K28+'3. Statement of pipeline assets'!K34+'3. Statement of pipeline assets'!K40+'3. Statement of pipeline assets'!K46+'3. Statement of pipeline assets'!K52+'3. Statement of pipeline assets'!K58+'3. Statement of pipeline assets'!K64+'3. Statement of pipeline assets'!K70+'3. Statement of pipeline assets'!K78+'3. Statement of pipeline assets'!K84)/1000000 -> -0.18493632 | ... AD21: =-('3. Statement of pipeline assets'!AD17+'3. Statement of pipeline assets'!AD22+'3. Statement of pipeline assets'!AD28+'3. Statement of pipeline assets'!AD34+'3. Statement of pipeline assets'!AD40+'3. Statement of pipeline assets'!AD46+'3. Statement of pipeline assets'!AD52+'3. Statement of pipeline assets'!AD58+'3. Statement of pipeline assets'!AD64+'3. Statement of pipeline assets'!AD70+'3. Statement of pipeline assets'!AD78+'3. Statement of pipeline assets'!AD84)/1000000 -> -0.68514938
B22: Operating Expenditure | C22: As above | D22: =D15 -> 0 | E22: =E15 -> 0.078831576 | F22: =F15 -> 0.096837194 | G22: =G15 -> 0.098081272 | H22: =H15 -> 0.10039855 | I22: =I15 -> 0.10055355 | J22: =J15 -> 0.11020523 | K22: =K15 -> 0.10550781 | ... AD22: =AD15 -> 0.52736214
B23: Net Tax Liabilities | C23: As above | D23: =D16 -> 0 | E23: =E16 -> 0 | F23: =F16 -> 0.041752367 | G23: =G16 -> 0.018193357 | H23: =H16 -> 0 | I23: =I16 -> 0 | J23: =J16 -> 0 | K23: =K16 -> 0 | ... AD23: =AD16 -> 0
B24: Estimated Revenue (Based on RAB value) | D24: =SUM(D20:D23) -> 0 | E24: =SUM(E20:E23) -> 0.078831576 | F24: =SUM(F20:F23) -> 1.8022291 | G24: =SUM(G20:G23) -> 1.5231745 | H24: =SUM(H20:H23) -> 1.2067163 | I24: =SUM(I20:I23) -> 0.86089551 | J24: =SUM(J20:J23) -> 1.1690903 | K24: =SUM(K20:K23) -> 1.1502489 | ... AD24: =SUM(AD20:AD23) -> 0.6467434
B27: Actual Revenue ($m, Nominal) | D27: 0 | E27: ='4. Recovered capital'!G26/1000000 -> 1.0170493 | F27: ='4. Recovered capital'!H26/1000000 -> 1.2792541 | G27: ='4. Recovered capital'!I26/1000000 -> 1.3114111 | H27: ='4. Recovered capital'!J26/1000000 -> 1.343321 | I27: ='4. Recovered capital'!K26/1000000 -> 1.3888464 | J27: ='4. Recovered capital'!L26/1000000 -> 1.4396306 | K27: ='4. Recovered capital'!M26/1000000 -> 1.4721913 | L27: ='4. Recovered capital'!N26/1000000 -> 1.7476203 | ... AB27: ='4. Recovered capital'!AD26/1000000 -> 2.6163076 | AC27: ='2. Revenues and expenses'!I20/1000000 -> 2.6552286 | AD27: ='2. Revenues and expenses'!F20/1000000 -> 2.7288219
B29: Year | D29: =YEAR(Cover!$C$25) -> 1996 | E29: =YEAR(Cover!$C$25)+1 -> 1997 | F29: =YEAR(Cover!$C$25)+2 -> 1998 | G29: =YEAR(Cover!$C$25)+3 -> 1999 | H29: =G29+1 -> 2000 | I29: =H29+1 -> 2001 | J29: =I29+1 -> 2002 | K29: =J29+1 -> 2003 | L29: =K29+1 -> 2004 | M29: =L29+1 -> 2005 | N29: =M29+1 -> 2006 | O29: =N29+1 -> 2007 | ... AC29: =AB29+1 -> 2021 | AD29: =YEAR(Cover!$C$23) -> 2022
B30: Recovered Capital ($m, Nominal) - if applicable | C30: Source
B31: Operating expenses | C31: 4. Recovered Capital | D31: 0 | E31: =-(INDEX('4. Recovered capital'!$F$8:$BH$33,MATCH('1.1 Financial summary'!$B31,'4. Recovered capital'!$D$8:$D$33,0),MATCH('1.1 Financial summary'!E$29,'4. Recovered capital'!$F$8:$BH$8,0)))/1000000 -> 0.078831576 | F31: =-(INDEX('4. Recovered capital'!$F$8:$BH$33,MATCH('1.1 Financial summary'!$B31,'4. Recovered capital'!$D$8:$D$33,0),MATCH('1.1 Financial summary'!F$29,'4. Recovered capital'!$F$8:$BH$8,0)))/1000000 -> 0.096837194 | G31: =-(INDEX('4. Recovered capital'!$F$8:$BH$33,MATCH('1.1 Financial summary'!$B31,'4. Recovered capital'!$D$8:$D$33,0),MATCH('1.1 Financial summary'!G$29,'4. Recovered capital'!$F$8:$BH$8,0)))/1000000 -> 0.098081272 | H31: =-(INDEX('4. Recovered capital'!$F$8:$BH$33,MATCH('1.1 Financial summary'!$B31,'4. Recovered capital'!$D$8:$D$33,0),MATCH('1.1 Financial summary'!H$29,'4. Recovered capital'!$F$8:$BH$8,0)))/1000000 -> 0.10039855 | I31: =-(INDEX('4. Recovered capital'!$F$8:$BH$33,MATCH('1.1 Financial summary'!$B31,'4. Recovered capital'!$D$8:$D$33,0),MATCH('1.1 Financial summary'!I$29,'4. Recovered capital'!$F$8:$BH$8,0)))/1000000 -> 0.10055355 | J31: =-(INDEX('4. Recovered capital'!$F$8:$BH$33,MATCH('1.1 Financial summary'!$B31,'4. Recovered capital'!$D$8:$D$33,0),MATCH('1.1 Financial summary'!J$29,'4. Recovered capital'!$F$8:$BH$8,0)))/1000000 -> 0.11020523 | K31: =-(INDEX('4. Recovered capital'!$F$8:$BH$33,MATCH('1.1 Financial summary'!$B31,'4. Recovered capital'!$D$8:$D$33,0),MATCH('1.1 Financial summary'!K$29,'4. Recovered capital'!$F$8:$BH$8,0)))/1000000 -> 0.10550781 | L31: =-(INDEX('4. Recovered capital'!$F$8:$BH$33,MATCH('1.1 Financial summary'!$B31,'4. Recovered capital'!$D$8:$D$33,0),MATCH('1.1 Financial summary'!L$29,'4. Recovered capital'!$F$8:$BH$8,0)))/1000000 -> 0.13301958 | ... AD31: =-(INDEX('4. Recovered capital'!$F$8:$BH$33,MATCH('1.1 Financial summary'!$B31,'4. Recovered capital'!$D$8:$D$33,0),MATCH('1.1 Financial summary'!AD$29,'4. Recovered capital'!$F$8:$BH$8,0)))/1000000 -> 0.51603192
B32: Net tax liabilities | C32: 4. Recovered Capital | D32: 0 | E32: =-(INDEX('4. Recovered capital'!$F$8:$BH$33,MATCH('1.1 Financial summary'!$B32,'4. Recovered capital'!$D$8:$D$33,0),MATCH('1.1 Financial summary'!E$29,'4. Recovered capital'!$F$8:$BH$8,0)))/1000000 -> 0.21408071 | F32: =-(INDEX('4. Recovered capital'!$F$8:$BH$33,MATCH('1.1 Financial summary'!$B32,'4. Recovered capital'!$D$8:$D$33,0),MATCH('1.1 Financial summary'!F$29,'4. Recovered capital'!$F$8:$BH$8,0)))/1000000 -> 0 | G32: =-(INDEX('4. Recovered capital'!$F$8:$BH$33,MATCH('1.1 Financial summary'!$B32,'4. Recovered capital'!$D$8:$D$33,0),MATCH('1.1 Financial summary'!G$29,'4. Recovered capital'!$F$8:$BH$8,0)))/1000000 -> 0 | H32: =-(INDEX('4. Recovered capital'!$F$8:$BH$33,MATCH('1.1 Financial summary'!$B32,'4. Recovered capital'!$D$8:$D$33,0),MATCH('1.1 Financial summary'!H$29,'4. Recovered capital'!$F$8:$BH$8,0)))/1000000 -> 0 | I32: =-(INDEX('4. Recovered capital'!$F$8:$BH$33,MATCH('1.1 Financial summary'!$B32,'4. Recovered capital'!$D$8:$D$33,0),MATCH('1.1 Financial summary'!I$29,'4. Recovered capital'!$F$8:$BH$8,0)))/1000000 -> 0 | J32: =-(INDEX('4. Recovered capital'!$F$8:$BH$33,MATCH('1.1 Financial summary'!$B32,'4. Recovered capital'!$D$8:$D$33,0),MATCH('1.1 Financial summary'!J$29,'4. Recovered capital'!$F$8:$BH$8,0)))/1000000 -> 0 | K32: =-(INDEX('4. Recovered capital'!$F$8:$BH$33,MATCH('1.1 Financial summary'!$B32,'4. Recovered capital'!$D$8:$D$33,0),MATCH('1.1 Financial summary'!K$29,'4. Recovered capital'!$F$8:$BH$8,0)))/1000000 -> 0 | L32: =-(INDEX('4. Recovered capital'!$F$8:$BH$33,MATCH('1.1 Financial summary'!$B32,'4. Recovered capital'!$D$8:$D$33,0),MATCH('1.1 Financial summary'!L$29,'4. Recovered capital'!$F$8:$BH$8,0)))/1000000 -> 0.10098201 | ... AD32: =-(INDEX('4. Recovered capital'!$F$8:$BH$33,MATCH('1.1 Financial summary'!$B32,'4. Recovered capital'!$D$8:$D$33,0),MATCH('1.1 Financial summary'!AD$29,'4. Recovered capital'!$F$8:$BH$8,0)))/1000000 -> 0.63230706
B33: Return on capital | C33: 4. Recovered Capital | D33: 0 | E33: =-(INDEX('4. Recovered capital'!$F$8:$BH$33,MATCH('1.1 Financial summary'!$B33,'4. Recovered capital'!$D$8:$D$33,0),MATCH('1.1 Financial summary'!E$29,'4. Recovered capital'!$F$8:$BH$8,0)))/1000000 -> 0 | F33: =-(INDEX('4. Recovered capital'!$F$8:$BH$33,MATCH('1.1 Financial summary'!$B33,'4. Recovered capital'!$D$8:$D$33,0),MATCH('1.1 Financial summary'!F$29,'4. Recovered capital'!$F$8:$BH$8,0)))/1000000 -> 1.4841623 | G33: =-(INDEX('4. Recovered capital'!$F$8:$BH$33,MATCH('1.1 Financial summary'!$B33,'4. Recovered capital'!$D$8:$D$33,0),MATCH('1.1 Financial summary'!G$29,'4. Recovered capital'!$F$8:$BH$8,0)))/1000000 -> 1.3221284 | H33: =-(INDEX('4. Recovered capital'!$F$8:$BH$33,MATCH('1.1 Financial summary'!$B33,'4. Recovered capital'!$D$8:$D$33,0),MATCH('1.1 Financial summary'!H$29,'4. Recovered capital'!$F$8:$BH$8,0)))/1000000 -> 1.4357904 | I33: =-(INDEX('4. Recovered capital'!$F$8:$BH$33,MATCH('1.1 Financial summary'!$B33,'4. Recovered capital'!$D$8:$D$33,0),MATCH('1.1 Financial summary'!I$29,'4. Recovered capital'!$F$8:$BH$8,0)))/1000000 -> 1.4630875 | J33: =-(INDEX('4. Recovered capital'!$F$8:$BH$33,MATCH('1.1 Financial summary'!$B33,'4. Recovered capital'!$D$8:$D$33,0),MATCH('1.1 Financial summary'!J$29,'4. Recovered capital'!$F$8:$BH$8,0)))/1000000 -> 1.3331445 | K33: =-(INDEX('4. Recovered capital'!$F$8:$BH$33,MATCH('1.1 Financial summary'!$B33,'4. Recovered capital'!$D$8:$D$33,0),MATCH('1.1 Financial summary'!K$29,'4. Recovered capital'!$F$8:$BH$8,0)))/1000000 -> 1.2775127 | L33: =-(INDEX('4. Recovered capital'!$F$8:$BH$33,MATCH('1.1 Financial summary'!$B33,'4. Recovered capital'!$D$8:$D$33,0),MATCH('1.1 Financial summary'!L$29,'4. Recovered capital'!$F$8:$BH$8,0)))/1000000 -> 1.1033798 | ... AD33: =-(INDEX('4. Recovered capital'!$F$8:$BH$33,MATCH('1.1 Financial summary'!$B33,'4. Recovered capital'!$D$8:$D$33,0),MATCH('1.1 Financial summary'!AD$29,'4. Recovered capital'!$F$8:$BH$8,0)))/1000000 -> 1.3258309
B34: Return of capital | C34: 4. Recovered Capital | D34: 0 | E34: =(INDEX('4. Recovered capital'!$F$8:$BH$33,MATCH('1.1 Financial summary'!$B34,'4. Recovered capital'!$D$8:$D$33,0),MATCH('1.1 Financial summary'!E$29,'4. Recovered capital'!$F$8:$BH$8,0)))/1000000 -> 0.72413699 | F34: =(INDEX('4. Recovered capital'!$F$8:$BH$33,MATCH('1.1 Financial summary'!$B34,'4. Recovered capital'!$D$8:$D$33,0),MATCH('1.1 Financial summary'!F$29,'4. Recovered capital'!$F$8:$BH$8,0)))/1000000 -> -0.30174535 | G34: =(INDEX('4. Recovered capital'!$F$8:$BH$33,MATCH('1.1 Financial summary'!$B34,'4. Recovered capital'!$D$8:$D$33,0),MATCH('1.1 Financial summary'!G$29,'4. Recovered capital'!$F$8:$BH$8,0)))/1000000 -> -0.10879854 | H34: =(INDEX('4. Recovered capital'!$F$8:$BH$33,MATCH('1.1 Financial summary'!$B34,'4. Recovered capital'!$D$8:$D$33,0),MATCH('1.1 Financial summary'!H$29,'4. Recovered capital'!$F$8:$BH$8,0)))/1000000 -> -0.19286793 | I34: =(INDEX('4. Recovered capital'!$F$8:$BH$33,MATCH('1.1 Financial summary'!$B34,'4. Recovered capital'!$D$8:$D$33,0),MATCH('1.1 Financial summary'!I$29,'4. Recovered capital'!$F$8:$BH$8,0)))/1000000 -> -0.17479462 | J34: =(INDEX('4. Recovered capital'!$F$8:$BH$33,MATCH('1.1 Financial summary'!$B34,'4. Recovered capital'!$D$8:$D$33,0),MATCH('1.1 Financial summary'!J$29,'4. Recovered capital'!$F$8:$BH$8,0)))/1000000 -> -0.0037191366 | K34: =(INDEX('4. Recovered capital'!$F$8:$BH$33,MATCH('1.1 Financial summary'!$B34,'4. Recovered capital'!$D$8:$D$33,0),MATCH('1.1 Financial summary'!K$29,'4. Recovered capital'!$F$8:$BH$8,0)))/1000000 -> 0.089170799 | L34: =(INDEX('4. Recovered capital'!$F$8:$BH$33,MATCH('1.1 Financial summary'!$B34,'4. Recovered capital'!$D$8:$D$33,0),MATCH('1.1 Financial summary'!L$29,'4. Recovered capital'!$F$8:$BH$8,0)))/1000000 -> 0.41023887 | ... AD34: =(INDEX('4. Recovered capital'!$F$8:$BH$33,MATCH('1.1 Financial summary'!$B34,'4. Recovered capital'!$D$8:$D$33,0),MATCH('1.1 Financial summary'!AD$29,'4. Recovered capital'!$F$8:$BH$8,0)))/1000000 -> 0.25328047
B35: Opening Asset Base - RCM value | C35: 4. Recovered Capital | D35: 0 | E35: =(INDEX('4. Recovered capital'!$F$8:$BH$33,MATCH('1.1 Financial summary'!$B35,'4. Recovered capital'!$D$8:$D$33,0),MATCH('1.1 Financial summary'!E$29,'4. Recovered capital'!$F$8:$BH$8,0)))/1000000 -> 0 | F35: =(INDEX('4. Recovered capital'!$F$8:$BH$33,MATCH('1.1 Financial summary'!$B35,'4. Recovered capital'!$D$8:$D$33,0),MATCH('1.1 Financial summary'!F$29,'4. Recovered capital'!$F$8:$BH$8,0)))/1000000 -> 13.017826 | G35: =(INDEX('4. Recovered capital'!$F$8:$BH$33,MATCH('1.1 Financial summary'!$B35,'4. Recovered capital'!$D$8:$D$33,0),MATCH('1.1 Financial summary'!G$29,'4. Recovered capital'!$F$8:$BH$8,0)))/1000000 -> 13.326547 | H35: =(INDEX('4. Recovered capital'!$F$8:$BH$33,MATCH('1.1 Financial summary'!$B35,'4. Recovered capital'!$D$8:$D$33,0),MATCH('1.1 Financial summary'!H$29,'4. Recovered capital'!$F$8:$BH$8,0)))/1000000 -> 13.445112 | I35: =(INDEX('4. Recovered capital'!$F$8:$BH$33,MATCH('1.1 Financial summary'!$B35,'4. Recovered capital'!$D$8:$D$33,0),MATCH('1.1 Financial summary'!I$29,'4. Recovered capital'!$F$8:$BH$8,0)))/1000000 -> 13.672379 | J35: =(INDEX('4. Recovered capital'!$F$8:$BH$33,MATCH('1.1 Financial summary'!$B35,'4. Recovered capital'!$D$8:$D$33,0),MATCH('1.1 Financial summary'!J$29,'4. Recovered capital'!$F$8:$BH$8,0)))/1000000 -> 13.907993 | K35: =(INDEX('4. Recovered capital'!$F$8:$BH$33,MATCH('1.1 Financial summary'!$B35,'4. Recovered capital'!$D$8:$D$33,0),MATCH('1.1 Financial summary'!K$29,'4. Recovered capital'!$F$8:$BH$8,0)))/1000000 -> 13.986753 | L35: =(INDEX('4. Recovered capital'!$F$8:$BH$33,MATCH('1.1 Financial summary'!$B35,'4. Recovered capital'!$D$8:$D$33,0),MATCH('1.1 Financial summary'!L$29,'4. Recovered capital'!$F$8:$BH$8,0)))/1000000 -> 13.933236 | ... AD35: =(INDEX('4. Recovered capital'!$F$8:$BH$33,MATCH('1.1 Financial summary'!$B35,'4. Recovered capital'!$D$8:$D$33,0),MATCH('1.1 Financial summary'!AD$29,'4. Recovered capital'!$F$8:$BH$8,0)))/1000000 -> 3.4197001e-15

Sheet 2. Revenues and expenses
B1: Statement of pipeline revenues and expenses
B2: =Tradingname -> Southern Cross Pipelines Australia Pty Limited
B3: Year ending | C3: =Yearending -> 44742
B5: Table 2.1: Statement of pipeline revenues and expenses
D7: Reporting period | G7: Previous reporting period
B8: Basis of Preparation reference | C8: Description | D8: Amounts excluding related party transactions | E8: Related party transactions | F8: Total | G8: Amounts excluding related party transactions | H8: Related party transactions | I8: Total
D9: $ nominal | E9: $ nominal | F9: $ nominal | G9: $ nominal | H9: $ nominal | I9: $ nominal
C10: Direct revenue
B11: 3.3.1 | C11: Total service revenue | D11: ='2.1 Revenue by service'!D21 -> 2728821.9 | E11: ='2.1 Revenue by service'!E21 -> 0 | F11: =SUM(D11:E11) -> 2728821.9 | G11: ='2.1 Revenue by service'!G21 -> 2655228.6 | H11: ='2.1 Revenue by service'!H21 -> 0 | I11: =SUM(G11:H11) -> 2655228.6
C12: Customer contribution revenue | D12: ='2.2 Revenue contributions '!C15 -> 0 | E12: ='2.2 Revenue contributions '!D15 -> 0 | F12: =SUM(D12:E12) -> 0 | G12: 0 | H12: 0 | I12: =SUM(G12:H12) -> 0
C13: Government contribution revenue | D13: ='2.2 Revenue contributions '!D27 -> 0 | F13: =SUM(D13:E13) -> 0 | G13: 0 | H13: 0 | I13: =SUM(G13:H13) -> 0
C14: Profit from sale of fixed assets | D14: 0 | E14: 0 | F14: =SUM(D14:E14) -> 0 | G14: 0 | H14: 0 | I14: =SUM(G14:H14) -> 0
B15: 3.3.1 | C15: Other direct revenue | D15: 0 | E15: 0 | F15: =SUM(D15:E15) -> 0 | G15: 0 | H15: 0 | I15: =SUM(G15:H15) -> 0
C16: Total direct revenue | D16: =SUM(D11:D15) -> 2728821.9 | E16: =SUM(E11:E15) -> 0 | F16: =SUM(F11:F15) -> 2728821.9 | G16: =SUM(G11:G15) -> 2655228.6 | H16: =SUM(H11:H15) -> 0 | I16: =SUM(I11:I15) -> 2655228.6
C17: Indirect revenue allocated
B18: 3.3.1 | C18: Other revenue | D18: ='2.3 Indirect revenue'!G36 -> 0 | E18: ='2.3 Indirect revenue'!H36 -> 0 | F18: =SUM(D18:E18) -> 0 | I18: =SUM(G18:H18) -> 0
C19: Total indirect revenue allocated | D19: =SUM(D18:D18) -> 0 | E19: =SUM(E18:E18) -> 0 | F19: =SUM(F18:F18) -> 0 | G19: =SUM(G18:G18) -> 0 | H19: =SUM(H18:H18) -> 0 | I19: =SUM(I18:I18) -> 0
C20: Total revenue | D20: =D16+D19 -> 2728821.9 | E20: =E16+E19 -> 0 | F20: =F16+F19 -> 2728821.9 | G20: =G16+G19 -> 2655228.6 | H20: =H16+H19 -> 0 | I20: =I16+I19 -> 2655228.6
C21: Direct costs
B22: 3.3.2 | C22: Repairs and maintenance | D22: 0 | E22: 0 | F22: =SUM(D22:E22) -> 0 | G22: 0 | H22: 0 | I22: =SUM(G22:H22) -> 0
B23: 3.3.2 | C23: Wages | D23: -58259.804 | E23: 0 | F23: =SUM(D23:E23) -> -58259.804 | G23: -111807.63 | H23: 0 | I23: =SUM(G23:H23) -> -111807.63
B24: 3.3.2.1 | C24: Depreciation | D24: 724350.05 | E24: 0 | F24: =SUM(D24:E24) -> 724350.05 | G24: 336537.97 | H24: 0 | I24: =SUM(G24:H24) -> 336537.97
B25: 3.3.2 | C25: Insurance | D25: 0 | E25: 0 | F25: =SUM(D25:E25) -> 0 | G25: 0 | H25: 0 | I25: =SUM(G25:H25) -> 0
B26: 3.3.2 | C26: Licence and regulatory costs | D26: -10456.28 | E26: 0 | F26: =SUM(D26:E26) -> -10456.28 | G26: -10539.61 | H26: 0 | I26: =SUM(G26:H26) -> -10539.61
B27: 3.3.2 | C27: Directly attributable finance charges | D27: 0 | E27: 0 | F27: =SUM(D27:E27) -> 0 | G27: 0 | H27: 0 | I27: =SUM(G27:H27) -> 0
B28: 3.3.2 | C28: Leasing and rental costs | D28: 0 | E28: 0 | F28: =SUM(D28:E28) -> 0 | G28: 0 | H28: 0 | I28: =SUM(G28:H28) -> 0
B29: 3.3.2 | C29: Other direct costs | D29: -245543.71 | E29: 0 | F29: =SUM(D29:E29) -> -245543.71 | G29: -201619.92 | H29: 0 | I29: =SUM(G29:H29) -> -201619.92
C30: Total direct costs | D30: =SUM(D22:D29) -> 410090.26 | E30: =SUM(E22:E29) -> 0 | F30: =SUM(F22:F29) -> 410090.26 | G30: =SUM(G22:G29) -> 12570.814 | H30: =SUM(H22:H29) -> 0 | I30: =SUM(I22:I29) -> 12570.814
C31: Shared costs
C32: Employee costs | D32: =SUMIF('2.4 Shared costs'!$C$9:$C$35,'2. Revenues and expenses'!$C32,'2.4 Shared costs'!$H$9:$H$35) -> 0 | E32: =SUMIF('2.4 Shared costs'!$C$9:$C$35,'2. Revenues and expenses'!$C32,'2.4 Shared costs'!$I$9:$I$35) -> 0 | F32: =SUM(D32:E32) -> 0 | G32: 0 | H32: 0 | I32: =SUM(G32:H32) -> 0
C33: Information technology and communication costs | D33: =SUMIF('2.4 Shared costs'!$C$9:$C$35,'2. Revenues and expenses'!$C33,'2.4 Shared costs'!$H$9:$H$35) -> 0 | E33: =SUMIF('2.4 Shared costs'!$C$9:$C$35,'2. Revenues and expenses'!$C33,'2.4 Shared costs'!$I$9:$I$35) -> 0 | F33: =SUM(D33:E33) -> 0 | G33: 0 | H33: 0 | I33: =SUM(G33:H33) -> 0
C34: Indirect operating expenses | D34: =SUMIF('2.4 Shared costs'!$C$9:$C$35,'2. Revenues and expenses'!$C34,'2.4 Shared costs'!$H$9:$H$35) -> 0 | E34: =SUMIF('2.4 Shared costs'!$C$9:$C$35,'2. Revenues and expenses'!$C34,'2.4 Shared costs'!$I$9:$I$35) -> 0 | F34: =SUM(D34:E34) -> 0 | G34: 0 | H34: 0 | I34: =SUM(G34:H34) -> 0
B35: 3.3.2.1 | C35: Shared asset depreciation | D35: =SUMIF('2.4 Shared costs'!$C$9:$C$35,'2. Revenues and expenses'!$C35,'2.4 Shared costs'!$H$9:$H$35) -> -39200.669 | E35: =SUMIF('2.4 Shared costs'!$C$9:$C$35,'2. Revenues and expenses'!$C35,'2.4 Shared costs'!$I$9:$I$35) -> 0 | F35: =SUM(D35:E35) -> -39200.669 | G35: -32550.248 | H35: 0 | I35: =SUM(G35:H35) -> -32550.248
C36: Rental and leasing costs | D36: =SUMIF('2.4 Shared costs'!$C$9:$C$35,'2. Revenues and expenses'!$C36,'2.4 Shared costs'!$H$9:$H$35) -> 0 | E36: =SUMIF('2.4 Shared costs'!$C$9:$C$35,'2. Revenues and expenses'!$C36,'2.4 Shared costs'!$I$9:$I$35) -> 0 | F36: =SUM(D36:E36) -> 0 | G36: 0 | H36: 0 | I36: =SUM(G36:H36) -> 0
B37: 3.3.2.3 | C37: Borrowing costs | D37: =SUMIF('2.4 Shared costs'!$C$9:$C$35,'2. Revenues and expenses'!$C37,'2.4 Shared costs'!$H$9:$H$35) -> -9958.7136 | E37: =SUMIF('2.4 Shared costs'!$C$9:$C$35,'2. Revenues and expenses'!$C37,'2.4 Shared costs'!$I$9:$I$35) -> 0 | F37: =SUM(D37:E37) -> -9958.7136 | G37: -9601.1284 | H37: 0 | I37: =SUM(G37:H37) -> -9601.1284
C38: Loss from sale of shared fixed assets | D38: =SUMIF('2.4 Shared costs'!$C$9:$C$35,'2. Revenues and expenses'!$C38,'2.4 Shared costs'!$H$9:$H$35) -> 0 | E38: =SUMIF('2.4 Shared costs'!$C$9:$C$35,'2. Revenues and expenses'!$C38,'2.4 Shared costs'!$I$9:$I$35) -> 0 | F38: =SUM(D38:E38) -> 0 | G38: 0 | H38: 0 | I38: =SUM(G38:H38) -> 0
C39: Impairment losses (nature of the impairment loss) | D39: =SUMIF('2.4 Shared costs'!$C$9:$C$35,'2. Revenues and expenses'!$C39,'2.4 Shared costs'!$H$9:$H$35) -> 0 | E39: =SUMIF('2.4 Shared costs'!$C$9:$C$35,'2. Revenues and expenses'!$C39,'2.4 Shared costs'!$I$9:$I$35) -> 0 | F39: =SUM(D39:E39) -> 0 | G39: 0 | H39: 0 | I39: =SUM(G39:H39) -> 0
B40: 3.3.2.2 | C40: Other shared costs | D40: =SUMIF('2.4 Shared costs'!$C$9:$C$35,'2. Revenues and expenses'!$C40,'2.4 Shared costs'!$H$9:$H$35) -> -203145.66 | E40: =SUMIF('2.4 Shared costs'!$C$9:$C$35,'2. Revenues and expenses'!$C40,'2.4 Shared costs'!$I$9:$I$35) -> 0 | F40: =SUM(D40:E40) -> -203145.66 | G40: -186883.9 | H40: 0 | I40: =SUM(G40:H40) -> -186883.9
C41: Total shared costs allocated | D41: =SUM(D32:D40) -> -252305.05 | E41: =SUM(E32:E40) -> 0 | F41: =SUM(F32:F40) -> -252305.05 | G41: =SUM(G32:G40) -> -229035.28 | H41: =SUM(H32:H40) -> 0 | I41: =SUM(I32:I40) -> -229035.28
C42: Total costs | D42: =D30+D41 -> 157785.21 | E42: =E30+E41 -> 0 | F42: =F30+F41 -> 157785.21 | G42: =G30+G41 -> -216464.46 | H42: =H30+H41 -> 0 | I42: =I30+I41 -> -216464.46
C43: Earnings before Interest and tax (EBIT) | D43: =D20+D42 -> 2886607.1 | E43: =E20+E42 -> 0 | F43: =F20+F42 -> 2886607.1 | G43: =G20+G42 -> 2438764.1 | H43: =H20+H42 -> 0 | I43: =I20+I42 -> 2438764.1

Sheet 2.1 Revenue by service
B1: Revenue by service
B2: =Tradingname -> Southern Cross Pipelines Australia Pty Limited
B3: Year ending | C3: =Yearending -> 44742
B5: Table 2.1.1: Revenue by service
D7: Reporting period | G7: Previous reporting period
B8: Basis of Preparation reference | C8: Description | D8: Amounts excluding related party transactions | E8: Related party transactions | F8: Total | G8: Amounts excluding related party transactions | H8: Related party transactions | I8: Total
D9: $ nominal | E9: $ nominal | F9: $ nominal | G9: $ nominal | H9: $ nominal | I9: $ nominal
C10: Revenue by service
B11: 3.3.1 | C11: Firm forward haul transportation services | D11: 2656755.2 | E11: 0 | F11: =SUM(D11:E11) -> 2656755.2 | G11: 2622806.5 | H11: 0 | I11: =SUM(G11:H11) -> 2622806.5
B12: 3.3.1 | C12: Interruptible or as available transportation services | D12: 71517.4 | E12: 0 | F12: =SUM(D12:E12) -> 71517.4 | G12: 32272.33 | H12: 0 | I12: =SUM(G12:H12) -> 32272.33
C13: Backhaul services | D13: 0 | E13: 0 | F13: =SUM(D13:E13) -> 0 | G13: 0 | H13: 0 | I13: =SUM(G13:H13) -> 0
C14: Firm stand-alone compression service | D14: 0 | E14: 0 | F14: =SUM(D14:E14) -> 0 | G14: 0 | H14: 0 | I14: =SUM(G14:H14) -> 0
C15: Interruptible or as available stand-alone compression service | D15: 0 | E15: 0 | F15: =SUM(D15:E15) -> 0 | G15: 0 | H15: 0 | I15: =SUM(G15:H15) -> 0
C16: Park services | D16: 0 | E16: 0 | F16: =SUM(D16:E16) -> 0 | G16: 0 | H16: 0 | I16: =SUM(G16:H16) -> 0
C17: Park and loan services | D17: 0 | E17: 0 | F17: =SUM(D17:E17) -> 0 | G17: 0 | H17: 0 | I17: =SUM(G17:H17) -> 0
C18: Capacity trading service | D18: 0 | E18: 0 | F18: =SUM(D18:E18) -> 0 | G18: 0 | H18: 0 | I18: =SUM(G18:H18) -> 0
C19: In pipe trading service | D19: 0 | E19: 0 | F19: =SUM(D19:E19) -> 0 | G19: 0 | H19: 0 | I19: =SUM(G19:H19) -> 0
B20: 3.3.1 | C20: Other pipeline revenue (if relevant) | D20: 549.3 | E20: 0 | F20: =SUM(D20:E20) -> 549.3 | G20: 149.79 | H20: 0 | I20: =SUM(G20:H20) -> 149.79
C21: Total service revenue | D21: =SUM(D11:D20) -> 2728821.9 | E21: =SUM(E11:E20) -> 0 | F21: =SUM(F11:F20) -> 2728821.9 | G21: =SUM(G11:G20) -> 2655228.6 | H21: =SUM(H11:H20) -> 0 | I21: =SUM(I11:I20) -> 2655228.6

Sheet 2.2 Revenue contributions 
B1: Revenue - contributions
B2: =Tradingname -> Southern Cross Pipelines Australia Pty Limited
B3: Year ending | C3: =Yearending -> 44742
B5: Table 2.2.1: Customer contributions received
B7: Description | C7: Amounts excluding related party transactions | D7: Related party transactions | E7: Total
C8: $ nominal | D8: $ nominal | E8: $ nominal
B9: CUSTOMER CONTRIBUTIONS | C9: 0 | E9: =SUM(C9:D9) -> 0
E10: =SUM(C10:D10) -> 0
E11: =SUM(C11:D11) -> 0
E12: =SUM(C12:D12) -> 0
E13: =SUM(C13:D13) -> 0
E14: =SUM(C14:D14) -> 0
B15: Total | C15: =SUM(C9:C14) -> 0 | D15: =SUM(D9:D14) -> 0 | E15: =SUM(E9:E14) -> 0
B17: Table 2.2.2: Government contributions received
B19: Source | C19: Description | D19: Total
D20: $ nominal
B27: Total | D27: =SUM(D21:D26) -> 0

Sheet 2.3 Indirect revenue
B1: Indirect revenue
B2: =Tradingname -> Southern Cross Pipelines Australia Pty Limited | E2: Please ensure allocation methodologies are explained in sufficient detail in the Basis of Preparation as required under section 3.2.7 of the Guideline
B3: Year ending | C3: =Yearending -> 44742
B5: Table 2.3.1: Indirect revenue allocation
B7: Basis of Preparation reference | C7: Description | D7: Indirect revenue excluding related parties | E7: Indirect revenue from related parties | F7: % allocated to pipeline | G7: Total allocated to pipeline excluding related parties | H7: Total related party amounts allocated to pipeline
C8: (list each individual revenue item) | D8: $ nominal | E8: $ nominal | G8: $ nominal | H8: $ nominal
G9: =D9*F9 -> 0 | H9: =E9*F9 -> 0
G10: =D10*F10 -> 0 | H10: =E10*F10 -> 0
G11: =D11*F11 -> 0 | H11: =E11*F11 -> 0
G12: =D12*F12 -> 0 | H12: =E12*F12 -> 0
G13: =D13*F13 -> 0 | H13: =E13*F13 -> 0
G14: =D14*F14 -> 0 | H14: =E14*F14 -> 0
G15: =D15*F15 -> 0 | H15: =E15*F15 -> 0
G16: =D16*F16 -> 0 | H16: =E16*F16 -> 0
G17: =D17*F17 -> 0 | H17: =E17*F17 -> 0
G18: =D18*F18 -> 0 | H18: =E18*F18 -> 0
G19: =D19*F19 -> 0 | H19: =E19*F19 -> 0
G20: =D20*F20 -> 0 | H20: =E20*F20 -> 0
... G35: =D35*F35 -> 0 | H35: =E35*F35 -> 0
C36: Total | D36: =SUM(D9:D35) -> 0 | E36: =SUM(E9:E35) -> 0 | G36: =SUM(G9:G35) -> 0 | H36: =SUM(H9:H35) -> 0

Sheet 2.4 Shared costs
B1: Shared costs
B2: =Tradingname -> Southern Cross Pipelines Australia Pty Limited | F2: Please ensure allocation methodologies are explained in sufficient detail in the Basis of Preparation as required under section 3.2.7 of the Guideline
B3: Year ending | C3: =Yearending -> 44742
B5: Table 2.4.1: Shared cost allocation
B7: Basis of Preparation reference | C7: Description | D7: Income statement account applied to | E7: Shared costs excluding related parties | F7: Shared costs paid to related parties | G7: % allocated to pipeline | H7: Total allocated to pipeline excluding related parties | I7: Total related party amounts allocated to pipeline
C8: (list each individual cost) | E8: $ nominal | F8: $ nominal | H8: $ nominal | I8: $ nominal
C9: Employee costs | H9: =E9*G9 -> 0 | I9: =F9*G9 -> 0
C10: Information technology and communication costs | H10: =E10*G10 -> 0 | I10: =F10*G10 -> 0
C11: Indirect operating expenses | H11: =E11*G11 -> 0 | I11: =F11*G11 -> 0
B12: 3.3.2.1 | C12: Shared asset depreciation | E12: -39201660 | G12: =('3. Statement of pipeline assets'!AD78+'3. Statement of pipeline assets'!AD84)/E12 -> 0.00099997472 | H12: =E12*G12 -> -39200.669 | I12: =F12*G12 -> 0
C13: Rental and leasing costs | H13: =E13*G13 -> 0 | I13: =F13*G13 -> 0
B14: 3.3.2.3 | C14: Borrowing costs | E14: -9958.7136 | G14: 1 | H14: =E14*G14 -> -9958.7136 | I14: =F14*G14 -> 0
C15: Loss from sale of shared fixed assets | H15: =E15*G15 -> 0 | I15: =F15*G15 -> 0
C16: Impairment losses (nature of the impairment loss) | H16: =E16*G16 -> 0 | I16: =F16*G16 -> 0
C17: Other shared costs | E17: =SUM(E18:E35) -> -1.1234231e+08 | F17: =SUM(F18:F35) -> 0 | H17: =SUM(H18:H35) -> -203145.66 | I17: =SUM(I18:I35) -> 0
B18: 3.3.2.2 | C18: Corporate operating expenditure | E18: -1.1158273e+08 | G18: 0.0018082738 | H18: =E18*G18 -> -201772.13 | I18: =F18*G18 -> 0
B19: 3.3.2.2 | C19: Shared leased asset interest | E19: -759584.33 | G19: 0.0018082738 | H19: =E19*G19 -> -1373.5365 | I19: =F19*G19 -> 0
H20: =E20*G20 -> 0 | I20: =F20*G20 -> 0
H21: =E21*G21 -> 0 | I21: =F21*G21 -> 0
H22: =E22*G22 -> 0 | I22: =F22*G22 -> 0
H23: =E23*G23 -> 0 | I23: =F23*G23 -> 0
H24: =E24*G24 -> 0 | I24: =F24*G24 -> 0
H25: =E25*G25 -> 0 | I25: =F25*G25 -> 0
H26: =E26*G26 -> 0 | I26: =F26*G26 -> 0
H27: =E27*G27 -> 0 | I27: =F27*G27 -> 0
H28: =E28*G28 -> 0 | I28: =F28*G28 -> 0
H29: =E29*G29 -> 0 | I29: =F29*G29 -> 0
H30: =E30*G30 -> 0 | I30: =F30*G30 -> 0
H31: =E31*G31 -> 0 | I31: =F31*G31 -> 0
... H35: =E35*G35 -> 0 | I35: =F35*G35 -> 0
C36: Total | E36: =SUM(E9:E17) -> -1.5155393e+08 | F36: =SUM(F9:F17) -> 0 | H36: =SUM(H9:H17) -> -252305.05 | I36: =SUM(I9:I17) -> 0

Sheet 3. Statement of pipeline assets
B1: Statement of pipeline assets
C2: =Tradingname -> Southern Cross Pipelines Australia Pty Limited
C3: Year ending | D3: =Yearending -> 44742
C4: Date RAB established | D4: =Cover!C25 -> 35247
C5: RAB at date established | D5: 12016834
B7: Table 3.1: Pipeline assets
D8: Year
B9: Basis of Preparation reference | C9: Description | D9: =YEAR(Cover!$C$25)-1&"-"&RIGHT(YEAR(Cover!$C$25),2) -> 1995-96 | E9: =YEAR(Cover!$C$25)&"-"&RIGHT(YEAR(Cover!$C$25)+1,2) -> 1996-97 | F9: =YEAR(Cover!$C$25)+1&"-"&RIGHT(YEAR(Cover!$C$25)+2,2) -> 1997-98 | G9: =YEAR(Cover!$C$25)+2&"-"&RIGHT(YEAR(Cover!$C$25)+3,2) -> 1998-99 | H9: =YEAR(Cover!$C$25)+3&"-"&RIGHT(YEAR(Cover!$C$25)+4,2) -> 1999-00 | I9: =YEAR(Cover!$C$25)+4&"-"&RIGHT(YEAR(Cover!$C$25)+5,2) -> 2000-01 | J9: =YEAR(Cover!$C$25)+5&"-"&RIGHT(YEAR(Cover!$C$25)+6,2) -> 2001-02 | K9: =YEAR(Cover!$C$25)+6&"-"&RIGHT(YEAR(Cover!$C$25)+7,2) -> 2002-03 | L9: =YEAR(Cover!$C$25)+7&"-"&RIGHT(YEAR(Cover!$C$25)+8,2) -> 2003-04 | M9: =YEAR(Cover!$C$25)+8&"-"&RIGHT(YEAR(Cover!$C$25)+9,2) -> 2004-05 | N9: =YEAR(Cover!$C$25)+9&"-"&RIGHT(YEAR(Cover!$C$25)+10,2) -> 2005-06 | O9: =YEAR(Cover!$C$25)+10&"-"&RIGHT(YEAR(Cover!$C$25)+11,2) -> 2006-07 | P9: =YEAR(Cover!$C$25)+11&"-"&RIGHT(YEAR(Cover!$C$25)+12,2) -> 2007-08 | Q9: =YEAR(Cover!$C$25)+12&"-"&RIGHT(YEAR(Cover!$C$25)+13,2) -> 2008-09 | R9: =YEAR(Cover!$C$25)+13&"-"&RIGHT(YEAR(Cover!$C$25)+14,2) -> 2009-10 | S9: =YEAR(Cover!$C$25)+14&"-"&RIGHT(YEAR(Cover!$C$25)+15,2) -> 2010-11 | T9: =YEAR(Cover!$C$25)+15&"-"&RIGHT(YEAR(Cover!$C$25)+16,2) -> 2011-12 | U9: =YEAR(Cover!$C$25)+16&"-"&RIGHT(YEAR(Cover!$C$25)+17,2) -> 2012-13 | V9: =YEAR(Cover!$C$25)+17&"-"&RIGHT(YEAR(Cover!$C$25)+18,2) -> 2013-14 | W9: =YEAR(Cover!$C$25)+18&"-"&RIGHT(YEAR(Cover!$C$25)+19,2) -> 2014-15 | X9: =YEAR(Cover!$C$25)+19&"-"&RIGHT(YEAR(Cover!$C$25)+20,2) -> 2015-16 | Y9: =YEAR(Cover!$C$25)+20&"-"&RIGHT(YEAR(Cover!$C$25)+21,2) -> 2016-17 | Z9: =YEAR(Cover!$C$25)+21&"-"&RIGHT(YEAR(Cover!$C$25)+22,2) -> 2017-18 | AA9: =YEAR(Cover!$C$25)+22&"-"&RIGHT(YEAR(Cover!$C$25)+23,2) -> 2018-19 | AB9: =YEAR(Cover!$C$25)+23&"-"&RIGHT(YEAR(Cover!$C$25)+24,2) -> 2019-20 | AC9: =YEAR(Cover!$C$25)+24&"-"&RIGHT(YEAR(Cover!$C$25)+25,2) -> 2020-21 | AD9: =YEAR(Cover!$C$21)&"-"&RIGHT(YEAR(Cover!$C$23),2) -> 2021-22
D10: $ | E10: $ | F10: $ | G10: $ | H10: $ | I10: $ | J10: $ | K10: $ | L10: $ | M10: $ | N10: $ | O10: $ | P10: $ | Q10: $ | R10: $ | S10: $ | T10: $ | U10: $ | V10: $ | W10: $ | X10: $ | Y10: $ | Z10: $ | AA10: $ | AB10: $ | AC10: $ | AD10: $
C11: Pipeline assets
C12: Pipelines
B13: 3.4 | C13: Nominal Opening Regulatory Asset Base | E13: =D18 -> 0 | F13: =E18 -> 12709613 | G13: =F18 -> 12634802 | H13: =G18 -> 12610086 | I13: =H18 -> 12850021 | J13: =I18 -> 13456516 | K13: =J18 -> 13661584 | L13: =K18 -> 13849529 | ... AD13: =AC18 -> 16557264
B14: 3.4 | C14: Nominal Capex | E14: 12709613 | F14: 0 | G14: 0 | H14: 0 | I14: 0 | J14: 330.46645 | K14: 3071.2365 | L14: 0 | M14: 185857.8 | N14: 0 | O14: 0 | P14: 345614.18 | Q14: 0 | R14: 0 | S14: 0 | T14: 0 | U14: 0 | V14: 0 | W14: 0 | X14: 0 | Y14: 142925.46 | Z14: 0 | AA14: 0 | AB14: 0 | AC14: 0 | AD14: 0
C15: Total capitalised pipeline construction costs | D15: =D13+D14 -> 0 | E15: =E13+E14 -> 12709613 | F15: =F13+F14 -> 12709613 | G15: =G13+G14 -> 12634802 | H15: =H13+H14 -> 12610086 | I15: =I13+I14 -> 12850021 | J15: =J13+J14 -> 13456847 | K15: =K13+K14 -> 13664655 | ... AD15: =AD13+AD14 -> 16557264
B16: 3.4 | C16: Less Asset disposal (at cost) | E16: 0 | F16: 0 | G16: 0 | H16: 0 | I16: 0 | J16: 0 | K16: 0 | L16: 0 | M16: 0 | N16: 0 | O16: 0 | P16: 0 | Q16: 0 | R16: 0 | S16: 0 | T16: 0 | U16: 0 | V16: 0 | W16: 0 | X16: 0 | Y16: 0 | Z16: 0 | AA16: 0 | AB16: 0 | AC16: 0 | AD16: 0
B17: 3.4 | C17: Less Nominal Actual Regulatory Depreciation | E17: 0 | F17: -74810.842 | G17: -24715.708 | H17: 239935.01 | I17: 606494.93 | J17: 204737.15 | K17: 184874.14 | L17: 155627.04 | M17: 156126.26 | N17: 371180.78 | O17: 90025.093 | P17: 447872 | Q17: -6609.5246 | R17: 238751.23 | S17: 325664.51 | T17: -63254.465 | U17: 128206.36 | V17: 226562.08 | W17: -22069.003 | X17: -106599.95 | Y17: 46869.763 | Z17: 67297.07 | AA17: -17406.808 | AB17: -343698.32 | AC17: 338793.4 | AD17: 721452.4
C18: Closing pipeline carrying value | D18: =SUM(D15:D17) -> 0 | E18: =SUM(E15:E17) -> 12709613 | F18: =SUM(F15:F17) -> 12634802 | G18: =SUM(G15:G17) -> 12610086 | H18: =SUM(H15:H17) -> 12850021 | I18: =SUM(I15:I17) -> 13456516 | J18: =SUM(J15:J17) -> 13661584 | K18: =SUM(K15:K17) -> 13849529 | ... AD18: =SUM(AD15:AD17) -> 17278717
C19: Compressors
B20: 3.4 | C20: Nominal Opening Regulatory Asset Base | E20: =D24 -> 0 | F20: =E24 -> 0 | G20: =F24 -> 0 | H20: =G24 -> 0 | I20: =H24 -> 0 | J20: =I24 -> 0 | K20: =J24 -> 0 | L20: =K24 -> 0 | ... AD20: =AC24 -> 0
B21: 3.4 | C21: Additions and improvements capitalised | E21: 0 | F21: 0 | G21: 0 | H21: 0 | I21: 0 | J21: 0 | K21: 0 | L21: 0 | M21: 0 | N21: 0 | O21: 0 | P21: 0 | Q21: 0 | R21: 0 | S21: 0 | T21: 0 | U21: 0 | V21: 0 | W21: 0 | X21: 0 | Y21: 0 | Z21: 0 | AA21: 0 | AB21: 0 | AC21: 0 | AD21: 0
B22: 3.4 | C22: Less Depreciation | E22: 0 | F22: 0 | G22: 0 | H22: 0 | I22: 0 | J22: 0 | K22: 0 | L22: 0 | M22: 0 | N22: 0 | O22: 0 | P22: 0 | Q22: 0 | R22: 0 | S22: 0 | T22: 0 | U22: 0 | V22: 0 | W22: 0 | X22: 0 | Y22: 0 | Z22: 0 | AA22: 0 | AB22: 0 | AC22: 0 | AD22: 0
B23: 3.4 | C23: Less Disposal (at cost) | E23: 0 | F23: 0 | G23: 0 | H23: 0 | I23: 0 | J23: 0 | K23: 0 | L23: 0 | M23: 0 | N23: 0 | O23: 0 | P23: 0 | Q23: 0 | R23: 0 | S23: 0 | T23: 0 | U23: 0 | V23: 0 | W23: 0 | X23: 0 | Y23: 0 | Z23: 0 | AA23: 0 | AB23: 0 | AC23: 0 | AD23: 0
C24: Closing compressors carrying value | D24: =SUM(D20:D23) -> 0 | E24: =SUM(E20:E23) -> 0 | F24: =SUM(F20:F23) -> 0 | G24: =SUM(G20:G23) -> 0 | H24: =SUM(H20:H23) -> 0 | I24: =SUM(I20:I23) -> 0 | J24: =SUM(J20:J23) -> 0 | K24: =SUM(K20:K23) -> 0 | ... AD24: =SUM(AD20:AD23) -> 0
C25: City Gates, supply regulators and valve stations
B26: 3.4 | C26: Nominal Opening Regulatory Asset Base | E26: =D30 -> 0 | F26: =E30 -> 0 | G26: =F30 -> 0 | H26: =G30 -> 0 | I26: =H30 -> 0 | J26: =I30 -> 0 | K26: =J30 -> 11202.792 | L26: =K30 -> 11408.86 | ... AD26: =AC30 -> 10872.326
B27: 3.4 | C27: Improvements capitalised | E27: 0 | F27: 0 | G27: 0 | H27: 0 | I27: 0 | J27: 11202.792 | K27: 135.24951 | L27: 0 | M27: 0 | N27: 0 | O27: 0 | P27: 0 | Q27: 0 | R27: 0 | S27: 0 | T27: 0 | U27: 0 | V27: 0 | W27: 0 | X27: 0 | Y27: 0 | Z27: 0 | AA27: 0 | AB27: 0 | AC27: 0 | AD27: 0
B28: 3.4 | C28: Less Depreciation | E28: 0 | F28: 0 | G28: 0 | H28: 0 | I28: 0 | J28: 0 | K28: 70.818705 | L28: 43.204636 | M28: 39.397337 | N28: 205.44911 | O28: -21.741972 | P28: 256.50537 | Q28: -107.99304 | R28: 75.004764 | S28: 133.84268 | T28: -163.71713 | U28: -25.315846 | V28: 40.728531 | W28: -146.40762 | X28: -210.77846 | Y28: -100.46693 | Z28: -92.20995 | AA28: -155.91948 | AB28: -380.77575 | AC28: 74.659411 | AD28: 314.34381
B29: 3.4 | C29: Less Disposal (at cost) | E29: 0 | F29: 0 | G29: 0 | H29: 0 | I29: 0 | J29: 0 | K29: 0 | L29: 0 | M29: 0 | N29: 0 | O29: 0 | P29: 0 | Q29: 0 | R29: 0 | S29: 0 | T29: 0 | U29: 0 | V29: 0 | W29: 0 | X29: 0 | Y29: 0 | Z29: 0 | AA29: 0 | AB29: 0 | AC29: 0 | AD29: 0
C30: Closing city gates, supply regulators and valve stations carrying value | D30: =SUM(D26:D29) -> 0 | E30: =SUM(E26:E29) -> 0 | F30: =SUM(F26:F29) -> 0 | G30: =SUM(G26:G29) -> 0 | H30: =SUM(H26:H29) -> 0 | I30: =SUM(I26:I29) -> 0 | J30: =SUM(J26:J29) -> 11202.792 | K30: =SUM(K26:K29) -> 11408.86 | ... AD30: =SUM(AD26:AD29) -> 11186.669
C31: Metering
B32: 3.4 | C32: Nominal Opening Regulatory Asset Base | E32: =D36 -> 0 | F32: =E36 -> 0 | G32: =F36 -> 0 | H32: =G36 -> 0 | I32: =H36 -> 0 | J32: =I36 -> 839.73838 | K32: =J36 -> 28811.437 | L32: =K36 -> 33006.189 | ... AD32: =AC36 -> 151686.69
B33: 3.4 | C33: Additions and improvements capitalised | E33: 0 | F33: 0 | G33: 0 | H33: 0 | I33: 839.73838 | J33: 27965.655 | K33: 4013.5359 | L33: 977.12705 | M33: 0 | N33: 0 | O33: 0 | P33: 0 | Q33: 0 | R33: 0 | S33: 0 | T33: 0 | U33: 0 | V33: 0 | W33: 0 | X33: 0 | Y33: 118829.09 | Z33: 1972.3639 | AA33: 0 | AB33: 0 | AC33: 0 | AD33: 0
B34: 3.4 | C34: Less Depreciation | E34: 0 | F34: 0 | G34: 0 | H34: 0 | I34: 0 | J34: 6.0428922 | K34: 181.21631 | L34: 125.66488 | M34: 118.95023 | N34: 613.62498 | O34: -62.416416 | P34: 766.55259 | Q34: -319.10494 | R34: 226.18256 | S34: 401.66082 | T34: -484.79733 | U34: -72.28166 | V34: 124.70465 | W34: -432.86976 | X34: -624.64414 | Y34: -295.84561 | Z34: -224.72338 | AA34: -1049.0216 | AB34: -4103.529 | AC34: 2193.8095 | AD34: 5628.1324
B35: 3.4 | C35: Less Disposal (at cost) | E35: 0 | F35: 0 | G35: 0 | H35: 0 | I35: 0 | J35: 0 | K35: 0 | L35: 0 | M35: 0 | N35: 0 | O35: 0 | P35: 0 | Q35: 0 | R35: 0 | S35: 0 | T35: 0 | U35: 0 | V35: 0 | W35: 0 | X35: 0 | Y35: 0 | Z35: 0 | AA35: 0 | AB35: 0 | AC35: 0 | AD35: 0
C36: Closing Metering | D36: =SUM(D32:D35) -> 0 | E36: =SUM(E32:E35) -> 0 | F36: =SUM(F32:F35) -> 0 | G36: =SUM(G32:G35) -> 0 | H36: =SUM(H32:H35) -> 0 | I36: =SUM(I32:I35) -> 839.73838 | J36: =SUM(J32:J35) -> 28811.437 | K36: =SUM(K32:K35) -> 33006.189 | ... AD36: =SUM(AD32:AD35) -> 157314.82
C37: Odorant plants
B38: 3.4 | C38: Nominal Opening Regulatory Asset Base | E38: =D42 -> 0 | F38: =E42 -> 0 | G38: =F42 -> 0 | H38: =G42 -> 0 | I38: =H42 -> 0 | J38: =I42 -> 0 | K38: =J42 -> 0 | L38: =K42 -> 0 | ... AD38: =AC42 -> 0
B39: 3.4 | C39: Additions and improvements capitalised | E39: 0 | F39: 0 | G39: 0 | H39: 0 | I39: 0 | J39: 0 | K39: 0 | L39: 0 | M39: 0 | N39: 0 | O39: 0 | P39: 0 | Q39: 0 | R39: 0 | S39: 0 | T39: 0 | U39: 0 | V39: 0 | W39: 0 | X39: 0 | Y39: 0 | Z39: 0 | AA39: 0 | AB39: 0 | AC39: 0 | AD39: 0
B40: 3.4 | C40: Less Depreciation | E40: 0 | F40: 0 | G40: 0 | H40: 0 | I40: 0 | J40: 0 | K40: 0 | L40: 0 | M40: 0 | N40: 0 | O40: 0 | P40: 0 | Q40: 0 | R40: 0 | S40: 0 | T40: 0 | U40: 0 | V40: 0 | W40: 0 | X40: 0 | Y40: 0 | Z40: 0 | AA40: 0 | AB40: 0 | AC40: 0 | AD40: 0
B41: 3.4 | C41: Less Disposal (at cost) | E41: 0 | F41: 0 | G41: 0 | H41: 0 | I41: 0 | J41: 0 | K41: 0 | L41: 0 | M41: 0 | N41: 0 | O41: 0 | P41: 0 | Q41: 0 | R41: 0 | S41: 0 | T41: 0 | U41: 0 | V41: 0 | W41: 0 | X41: 0 | Y41: 0 | Z41: 0 | AA41: 0 | AB41: 0 | AC41: 0 | AD41: 0
C42: Closing odorant plants carrying value | D42: =SUM(D38:D41) -> 0 | E42: =SUM(E38:E41) -> 0 | F42: =SUM(F38:F41) -> 0 | G42: =SUM(G38:G41) -> 0 | H42: =SUM(H38:H41) -> 0 | I42: =SUM(I38:I41) -> 0 | J42: =SUM(J38:J41) -> 0 | K42: =SUM(K38:K41) -> 0 | ... AB42: =SUM(AB38:AB41) -> 0 | AD42: =SUM(AD38:AD41) -> 0
C43: SCADA (Communications)
B44: 3.4 | C44: Nominal Opening Regulatory Asset Base | E44: =D48 -> 0 | F44: =E48 -> 0 | G44: =F48 -> 0 | H44: =G48 -> 0 | I44: =H48 -> 0 | J44: =I48 -> 0 | K44: =J48 -> 6336.8044 | L44: =K48 -> 6614.7309 | ... AD44: =AC48 -> 52697.27
B45: 3.4 | C45: Additions and improvements capitalised | E45: 0 | F45: 0 | G45: 0 | H45: 0 | I45: 0 | J45: 6336.8044 | K45: 541.98431 | L45: 0 | M45: 0 | N45: 0 | O45: 0 | P45: 50164.147 | Q45: 0 | R45: 0 | S45: 0 | T45: 0 | U45: 0 | V45: 0 | W45: 35333.151 | X45: 22245.83 | Y45: 0 | Z45: 0 | AA45: 0 | AB45: 0 | AC45: 0 | AD45: 0
B46: 3.4 | C46: Less Depreciation | E46: 0 | F46: 0 | G46: 0 | H46: 0 | I46: 0 | J46: 0 | K46: -264.05784 | L46: -319.39079 | M46: -338.69344 | N46: -270.69835 | O46: -415.50161 | P46: -306.89561 | Q46: -3260.2573 | R46: -2539.3449 | S46: -2472.1698 | T46: -3850.4592 | U46: -3426.1548 | V46: -3367.1086 | W46: -4151.062 | X46: -6470.6766 | Y46: -5517.2735 | Z46: -5649.9394 | AA46: -6267.2794 | AB46: -7761.3619 | AC46: -5276.3217 | AD46: -4556.6385
B47: 3.4 | C47: Less Disposal (at cost) | E47: 0 | F47: 0 | G47: 0 | H47: 0 | I47: 0 | J47: 0 | K47: 0 | L47: 0 | M47: 0 | N47: 0 | O47: 0 | P47: 0 | Q47: 0 | R47: 0 | S47: 0 | T47: 0 | U47: 0 | V47: 0 | W47: 0 | X47: 0 | Y47: 0 | Z47: 0 | AA47: 0 | AB47: 0 | AC47: 0 | AD47: 0
C48: Closing SCADA carrying value | D48: =SUM(D44:D47) -> 0 | E48: =SUM(E44:E47) -> 0 | F48: =SUM(F44:F47) -> 0 | G48: =SUM(G44:G47) -> 0 | H48: =SUM(H44:H47) -> 0 | I48: =SUM(I44:I47) -> 0 | J48: =SUM(J44:J47) -> 6336.8044 | K48: =SUM(K44:K47) -> 6614.7309 | ... AD48: =SUM(AD44:AD47) -> 48140.632
C49: Buildings
B50: 3.4 | C50: Nominal Opening Regulatory Asset Base | E50: =D54 -> 0 | F50: =E54 -> 0 | G50: =F54 -> 0 | H50: =G54 -> 0 | I50: =H54 -> 0 | J50: =I54 -> 0 | K50: =J54 -> 0 | L50: =K54 -> 0 | ... AD50: =AC54 -> 0
B51: 3.4 | C51: Additions and improvements capitalised | E51: 0 | F51: 0 | G51: 0 | H51: 0 | I51: 0 | J51: 0 | K51: 0 | L51: 0 | M51: 0 | N51: 0 | O51: 0 | P51: 0 | Q51: 0 | R51: 0 | S51: 0 | T51: 0 | U51: 0 | V51: 0 | W51: 0 | X51: 0 | Y51: 0 | Z51: 0 | AA51: 0 | AB51: 0 | AC51: 0 | AD51: 0
B52: 3.4 | C52: Less Depreciation | E52: 0 | F52: 0 | G52: 0 | H52: 0 | I52: 0 | J52: 0 | K52: 0 | L52: 0 | M52: 0 | N52: 0 | O52: 0 | P52: 0 | Q52: 0 | R52: 0 | S52: 0 | T52: 0 | U52: 0 | V52: 0 | W52: 0 | X52: 0 | Y52: 0 | Z52: 0 | AA52: 0 | AB52: 0 | AC52: 0 | AD52: 0
B53: 3.4 | C53: Less Disposal (at cost) | E53: 0 | F53: 0 | G53: 0 | H53: 0 | I53: 0 | J53: 0 | K53: 0 | L53: 0 | M53: 0 | N53: 0 | O53: 0 | P53: 0 | Q53: 0 | R53: 0 | S53: 0 | T53: 0 | U53: 0 | V53: 0 | W53: 0 | X53: 0 | Y53: 0 | Z53: 0 | AA53: 0 | AB53: 0 | AC53: 0 | AD53: 0
C54: Closing buildings carrying value | D54: =SUM(D50:D53) -> 0 | E54: =SUM(E50:E53) -> 0 | F54: =SUM(F50:F53) -> 0 | G54: =SUM(G50:G53) -> 0 | H54: =SUM(H50:H53) -> 0 | I54: =SUM(I50:I53) -> 0 | J54: =SUM(J50:J53) -> 0 | K54: =SUM(K50:K53) -> 0 | ... AD54: =SUM(AD50:AD53) -> 0
C55: Land and easements
B56: 3.4 | C56: Nominal Opening Regulatory Asset Base | E56: =D60 -> 0 | F56: =E60 -> 0 | G56: =F60 -> 0 | H56: =G60 -> 0 | I56: =H60 -> 0 | J56: =I60 -> 0 | K56: =J60 -> 0 | L56: =K60 -> 0 | ... AD56: =AC60 -> 0
B57: 3.4 | C57: Additions and improvements capitalised | E57: 0 | F57: 0 | G57: 0 | H57: 0 | I57: 0 | J57: 0 | K57: 0 | L57: 0 | M57: 0 | N57: 0 | O57: 0 | P57: 0 | Q57: 0 | R57: 0 | S57: 0 | T57: 0 | U57: 0 | V57: 0 | W57: 0 | X57: 0 | Y57: 0 | Z57: 0 | AA57: 0 | AB57: 0 | AC57: 0 | AD57: 0
B58: 3.4 | C58: Less Depreciation | E58: 0 | F58: 0 | G58: 0 | H58: 0 | I58: 0 | J58: 0 | K58: 0 | L58: 0 | M58: 0 | N58: 0 | O58: 0 | P58: 0 | Q58: 0 | R58: 0 | S58: 0 | T58: 0 | U58: 0 | V58: 0 | W58: 0 | X58: 0 | Y58: 0 | Z58: 0 | AA58: 0 | AB58: 0 | AC58: 0 | AD58: 0
B59: 3.4 | C59: Less Disposal (at cost) | E59: 0 | F59: 0 | G59: 0 | H59: 0 | I59: 0 | J59: 0 | K59: 0 | L59: 0 | M59: 0 | N59: 0 | O59: 0 | P59: 0 | Q59: 0 | R59: 0 | S59: 0 | T59: 0 | U59: 0 | V59: 0 | W59: 0 | X59: 0 | Y59: 0 | Z59: 0 | AA59: 0 | AB59: 0 | AC59: 0 | AD59: 0
C60: Closing land and easements carrying value | D60: =SUM(D56:D59) -> 0 | E60: =SUM(E56:E59) -> 0 | F60: =SUM(F56:F59) -> 0 | G60: =SUM(G56:G59) -> 0 | H60: =SUM(H56:H59) -> 0 | I60: =SUM(I56:I59) -> 0 | J60: =SUM(J56:J59) -> 0 | K60: =SUM(K56:K59) -> 0 | ... AB60: =SUM(AB56:AB59) -> 0 | AD60: =SUM(AD56:AD59) -> 0
C61: Other depreciable pipeline assets
B62: 3.4 | C62: Nominal Opening Regulatory Asset Base | E62: =D66 -> 0 | F62: =E66 -> 0 | G62: =F66 -> 0 | H62: =G66 -> 0 | I62: =H66 -> 5106.2343 | J62: =I66 -> 5347.878 | K62: =J66 -> 5429.9312 | L62: =K66 -> 5504.1265 | ... AD62: =AC66 -> 32565.69
B63: 3.4 | C63: Additions and improvements capitalised | E63: 0 | F63: 0 | G63: 0 | H63: 5106.2343 | I63: 0 | J63: 0 | K63: 0 | L63: 3281.6916 | M63: 0 | N63: 0 | O63: 0 | P63: 27827.255 | Q63: 0 | R63: 0 | S63: 0 | T63: 0 | U63: 199048.02 | V63: 0 | W63: 0 | X63: 0.051343537 | Y63: 0 | Z63: 0 | AA63: 0 | AB63: 0 | AC63: 0 | AD63: 0
B64: 3.4 | C64: Less Depreciation/amortisation | E64: 0 | F64: 0 | G64: 0 | H64: 0 | I64: 241.64365 | J64: 82.053194 | K64: 74.19538 | L64: 62.593215 | M64: -528.17828 | N64: -435.9763 | O64: -648.36719 | P64: -502.52545 | Q64: -1600.5999 | R64: -337.77869 | S64: -210.16221 | T64: -1053.5603 | U64: -702.60551 | V64: -34273.995 | W64: -39490.632 | X64: -41488.903 | Y64: -40303.334 | Z64: -41798.06 | AA64: 49.898972 | AB64: -585.6976 | AC64: 752.4253 | AD64: 1511.807
B65: 3.4 | C65: Less Disposal (at cost) | E65: 0 | F65: 0 | G65: 0 | H65: 0 | I65: 0 | J65: 0 | K65: 0 | L65: 0 | M65: 0 | N65: 0 | O65: 0 | P65: 0 | Q65: 0 | R65: 0 | S65: 0 | T65: 0 | U65: 0 | V65: 0 | W65: 0 | X65: 0 | Y65: 0 | Z65: 0 | AA65: 0 | AB65: 0 | AC65: 0 | AD65: 0
C66: Closing other depreciable pipeline assets carrying value | D66: =SUM(D62:D65) -> 0 | E66: =SUM(E62:E65) -> 0 | F66: =SUM(F62:F65) -> 0 | G66: =SUM(G62:G65) -> 0 | H66: =SUM(H62:H65) -> 5106.2343 | I66: =SUM(I62:I65) -> 5347.878 | J66: =SUM(J62:J65) -> 5429.9312 | K66: =SUM(K62:K65) -> 5504.1265 | ... AD66: =SUM(AD62:AD65) -> 34077.497
C67: Leased pipeline assets
B68: 3.4 | C68: Nominal Opening Regulatory Asset Base | E68: =D72 -> 0 | F68: =E72 -> 0 | G68: =F72 -> 0 | H68: =G72 -> 0 | I68: =H72 -> 0 | J68: =I72 -> 0 | K68: =J72 -> 0 | L68: =K72 -> 0 | ... AD68: =AC72 -> 0
B69: 3.4 | C69: Additions and improvements capitalised | E69: 0 | F69: 0 | G69: 0 | H69: 0 | I69: 0 | J69: 0 | K69: 0 | L69: 0 | M69: 0 | N69: 0 | O69: 0 | P69: 0 | Q69: 0 | R69: 0 | S69: 0 | T69: 0 | U69: 0 | V69: 0 | W69: 0 | X69: 0 | Y69: 0 | Z69: 0 | AA69: 0 | AB69: 0 | AC69: 0 | AD69: 0
B70: 3.4 | C70: Less Depreciation/amortisation | E70: 0 | F70: 0 | G70: 0 | H70: 0 | I70: 0 | J70: 0 | K70: 0 | L70: 0 | M70: 0 | N70: 0 | O70: 0 | P70: 0 | Q70: 0 | R70: 0 | S70: 0 | T70: 0 | U70: 0 | V70: 0 | W70: 0 | X70: 0 | Y70: 0 | Z70: 0 | AA70: 0 | AB70: 0 | AC70: 0 | AD70: 0
B71: 3.4 | C71: Less Disposal (at cost) | E71: 0 | F71: 0 | G71: 0 | H71: 0 | I71: 0 | J71: 0 | K71: 0 | L71: 0 | M71: 0 | N71: 0 | O71: 0 | P71: 0 | Q71: 0 | R71: 0 | S71: 0 | T71: 0 | U71: 0 | V71: 0 | W71: 0 | X71: 0 | Y71: 0 | Z71: 0 | AA71: 0 | AB71: 0 | AC71: 0 | AD71: 0
C72: Closing leased pipeline assets carrying value | D72: =SUM(D68:D70) -> 0 | E72: =SUM(E68:E70) -> 0 | F72: =SUM(F68:F70) -> 0 | G72: =SUM(G68:G70) -> 0 | H72: =SUM(H68:H70) -> 0 | I72: =SUM(I68:I70) -> 0 | J72: =SUM(J68:J70) -> 0 | K72: =SUM(K68:K70) -> 0 | ... AD72: =SUM(AD68:AD70) -> 0
C73: Total pipeline assets | D73: =SUM(D18,D24,D30,D36,D42,D48,D54,D60,D66,D72) -> 0 | E73: =SUM(E18,E24,E30,E36,E42,E48,E54,E60,E66,E72) -> 12709613 | F73: =SUM(F18,F24,F30,F36,F42,F48,F54,F60,F66,F72) -> 12634802 | G73: =SUM(G18,G24,G30,G36,G42,G48,G54,G60,G66,G72) -> 12610086 | H73: =SUM(H18,H24,H30,H36,H42,H48,H54,H60,H66,H72) -> 12855127 | I73: =SUM(I18,I24,I30,I36,I42,I48,I54,I60,I66,I72) -> 13462704 | J73: =SUM(J18,J24,J30,J36,J42,J48,J54,J60,J66,J72) -> 13713365 | K73: =SUM(K18,K24,K30,K36,K42,K48,K54,K60,K66,K72) -> 13906063 | ... AD73: =SUM(AD18,AD24,AD30,AD36,AD42,AD48,AD54,AD60,AD66,AD72) -> 17529436
C74: Shared supporting assets
C75: Shared property, plant and equipment
B76: 3.4 | C76: Nominal Opening Regulatory Asset Base | E76: =D80 -> 0 | F76: =E80 -> 0 | G76: =F80 -> 0 | H76: =G80 -> 0 | I76: =H80 -> 0 | J76: =I80 -> 0 | K76: =J80 -> 0 | L76: =K80 -> 0 | ... AD76: =AC80 -> 140803.56
B77: 3.4 | C77: Additions and improvements capitalised | E77: 0 | F77: 0 | G77: 0 | H77: 0 | I77: 0 | J77: 0 | K77: 0 | L77: 0 | M77: 0 | N77: 0 | O77: 0 | P77: 0 | Q77: 0 | R77: 0 | S77: 0 | T77: 0 | U77: 0 | V77: 0 | W77: 0 | X77: 4410.3201 | Y77: 1018.2907 | Z77: 3836.9359 | AA77: 65505.815 | AB77: 67280.866 | AC77: 43092.34 | AD77: 193206.81
B78: 3.4 | C78: Less Depreciation | E78: 0 | F78: 0 | G78: 0 | H78: 0 | I78: 0 | J78: 0 | K78: 0 | L78: 0 | M78: 0 | N78: 0 | O78: 0 | P78: 0 | Q78: 0 | R78: 0 | S78: 0 | T78: 0 | U78: 0 | V78: 0 | W78: 0 | X78: 0 | Y78: -802.23747 | Z78: -1012.3873 | AA78: -1794.7493 | AB78: -15442.914 | AC78: -23775.804 | AD78: -28731.946
B79: 3.4 | C79: Less disposals of shared supporting assets | E79: 0 | F79: 0 | G79: 0 | H79: 0 | I79: 0 | J79: 0 | K79: 0 | L79: 0 | M79: 0 | N79: 0 | O79: 0 | P79: 0 | Q79: 0 | R79: 0 | S79: 0 | T79: 0 | U79: 0 | V79: 0 | W79: 0 | X79: -19.538581 | Y79: -20.700888 | Z79: -6.4937253 | AA79: -280.09939 | AB79: -363.34317 | AC79: -822.74231 | AD79: -51.032772
C80: Closing shared property, plant and equipment carrying value | D80: =SUM(D76:D79) -> 0 | E80: =SUM(E76:E79) -> 0 | F80: =SUM(F76:F79) -> 0 | G80: =SUM(G76:G79) -> 0 | H80: =SUM(H76:H79) -> 0 | I80: =SUM(I76:I79) -> 0 | J80: =SUM(J76:J79) -> 0 | K80: =SUM(K76:K79) -> 0 | ... AD80: =SUM(AD76:AD79) -> 305227.39
C81: Shared leased assets
B82: 3.4 | C82: Nominal Opening Regulatory Asset Base | E82: =D86 -> 0 | F82: =E86 -> 0 | G82: =F86 -> 0 | H82: =G86 -> 0 | I82: =H86 -> 0 | J82: =I86 -> 0 | K82: =J86 -> 0 | L82: =K86 -> 0 | ... AD82: =AC86 -> 59392.434
B83: 3.4 | C83: Additions and improvements capitalised | E83: 0 | F83: 0 | G83: 0 | H83: 0 | I83: 0 | J83: 0 | K83: 0 | L83: 0 | M83: 0 | N83: 0 | O83: 0 | P83: 0 | Q83: 0 | R83: 0 | S83: 0 | T83: 0 | U83: 0 | V83: 0 | W83: 0 | X83: 0 | Y83: 0 | Z83: 0 | AA83: 0 | AB83: 54553.325 | AC83: 13613.552 | AD83: 14608.93
B84: 3.4 | C84: Less Depreciation/amortisation | E84: 0 | F84: 0 | G84: 0 | H84: 0 | I84: 0 | J84: 0 | K84: 0 | L84: 0 | M84: 0 | N84: 0 | O84: 0 | P84: 0 | Q84: 0 | R84: 0 | S84: 0 | T84: 0 | U84: 0 | V84: 0 | W84: 0 | X84: 0 | Y84: 0 | Z84: 0 | AA84: 0 | AB84: 0 | AC84: -8774.444 | AD84: -10468.723
B85: 3.4 | C85: Less Disposal (at cost) | E85: 0 | F85: 0 | G85: 0 | H85: 0 | I85: 0 | J85: 0 | K85: 0 | L85: 0 | M85: 0 | N85: 0 | O85: 0 | P85: 0 | Q85: 0 | R85: 0 | S85: 0 | T85: 0 | U85: 0 | V85: 0 | W85: 0 | X85: 0 | Y85: 0 | Z85: 0 | AA85: 0 | AB85: 0 | AC85: 0 | AD85: 0
C86: Closing shared leased assets carrying value | D86: =SUM(D82:D85) -> 0 | E86: =SUM(E82:E85) -> 0 | F86: =SUM(F82:F85) -> 0 | G86: =SUM(G82:G85) -> 0 | H86: =SUM(H82:H85) -> 0 | I86: =SUM(I82:I85) -> 0 | J86: =SUM(J82:J85) -> 0 | K86: =SUM(K82:K85) -> 0 | ... AD86: =SUM(AD82:AD85) -> 63532.641
C87: Other assets
C88: Opening other assets | E88: =D90 -> 0 | F88: =E90 -> 0 | G88: =F90 -> 0 | H88: =G90 -> 0 | I88: =H90 -> 0 | J88: =I90 -> 0 | K88: =J90 -> 0 | L88: =K90 -> 0 | ... AC88: =AB90 -> 0 | AD88: =AB90 -> 0
C89: Change in other assets | E89: 0 | F89: 0 | G89: 0 | H89: 0 | I89: 0 | J89: 0 | K89: 0 | L89: 0 | M89: 0 | N89: 0 | O89: 0 | P89: 0 | Q89: 0 | R89: 0 | S89: 0 | T89: 0 | U89: 0 | V89: 0 | W89: 0 | X89: 0 | Y89: 0 | Z89: 0 | AA89: 0 | AB89: 0 | AC89: 0 | AD89: 0
C90: Closing other assets | D90: =D88+D89 -> 0 | E90: =E88+E89 -> 0 | F90: =F88+F89 -> 0 | G90: =G88+G89 -> 0 | H90: =H88+H89 -> 0 | I90: =I88+I89 -> 0 | J90: =J88+J89 -> 0 | K90: =K88+K89 -> 0 | ... AD90: =AD88+AD89 -> 0
C91: Total shared supporting assets allocated | D91: =D80+D86+D90 -> 0 | E91: =E80+E86+E90 -> 0 | F91: =F80+F86+F90 -> 0 | G91: =G80+G86+G90 -> 0 | H91: =H80+H86+H90 -> 0 | I91: =I80+I86+I90 -> 0 | J91: =J80+J86+J90 -> 0 | K91: =K80+K86+K90 -> 0 | ... AD91: =AD80+AD86+AD90 -> 368760.03
C92: TOTAL ASSETS | D92: =D73+D91 -> 0 | E92: =E73+E91 -> 12709613 | F92: =F73+F91 -> 12634802 | G92: =G73+G91 -> 12610086 | H92: =H73+H91 -> 12855127 | I92: =I73+I91 -> 13462704 | J92: =J73+J91 -> 13713365 | K92: =K73+K91 -> 13906063 | ... AD92: =AD73+AD91 -> 17898196
C93: CPI | E93: 0.0033388982 | F93: 0.006655574 | G93: 0.010743802 | H93: 0.031888798 | I93: 0.06022187 | J93: 0.028400598 | K93: 0.026889535 | L93: 0.024769993 | M93: 0.024861878 | N93: 0.039757412 | O93: 0.02073882 | P93: 0.045079365 | Q93: 0.014580802 | R93: 0.030538922 | S93: 0.036025567 | T93: 0.011777902 | U93: 0.023904382 | V93: 0.030155642 | W93: 0.015108593 | X93: 0.010232558 | Y93: 0.019337017 | Z93: 0.020776874 | AA93: 0.015929204 | AB93: -0.0034843206 | AC93: 0.038461538 | AD93: 0.061447811

Sheet 3.1 Asset useful life
B1: Asset useful life
B2: =Tradingname -> Southern Cross Pipelines Australia Pty Limited
B3: Year ending | C3: =Yearending -> 44742
B5: Table 3.1.1: Asset useful life
B7: Basis of Preparation reference | C7: Description (list each individual balance sheet item) | D7: Acquisition date | E7: Useful life | F7: Reason for choosing this useful life
E8: years
B9: 3.4.2 | C9: ='3. Statement of pipeline assets'!C12 -> Pipelines | D9: 14/9/1996 to 30/6/2017 | E9: 80 | F9: Per Appendix A
B10: 3.4.2 | C10: ='3. Statement of pipeline assets'!C19 -> Compressors | E10: 35 | F10: Per Appendix A
B11: 3.4.2 | C11: ='3. Statement of pipeline assets'!C25 -> City Gates, supply regulators and valve stations | D11: 1/7/2001 to 30/6/2003 | E11: 50 | F11: Per Appendix A
B12: 3.4.2 | C12: ='3. Statement of pipeline assets'!C31 -> Metering | D12: 1/7/1997 to 30/6/2018 | E12: 50 | F12: Per Appendix A
B13: 3.4.2 | C13: ='3. Statement of pipeline assets'!C37 -> Odorant plants | E13: 80 | F13: Per Appendix A
B14: 3.4.2 | C14: ='3. Statement of pipeline assets'!C43 -> SCADA (Communications) | D14: 1/7/2001 to 30/6/2016 | E14: 15 | F14: Per Appendix A
B15: 3.4.2 | C15: ='3. Statement of pipeline assets'!C49 -> Buildings | E15: 80 | F15: Per Appendix A
B16: 3.4.2 | C16: ='3. Statement of pipeline assets'!C61 -> Other depreciable pipeline assets | D16: 1/7/1998 to 30/6/2008 | E16: 5-80 | F16: Per Appendix A
C17: Land and easements | E17: N/a | F17: Indefinite
C18: insert asset description
C19: insert asset description
C20: insert asset description
B21: 3.4.2 | C21: ='3. Statement of pipeline assets'!C67 -> Leased pipeline assets
C22: insert asset description
C23: insert asset description
C24: insert asset description
C25: insert asset description
B26: 3.4.2 | C26: ='3. Statement of pipeline assets'!C75 -> Shared property, plant and equipment | D26: 1/7/2015 to 30/6/2022 | E26: 5 | F26: Per Appendix A
C27: insert asset description
C28: insert asset description
C29: insert asset description
C30: insert asset description
C31: insert asset description
B32: 3.4.2 | C32: ='3. Statement of pipeline assets'!C81 -> Shared leased assets | D32: 1/7/2019 to 30/6/2022 | E32: 5 | F32: Per Leased assets average life
C33: insert asset description
C34: insert asset description
C35: insert asset description
C36: insert asset description
C37: insert asset description

Sheet 3.2 Shared supporting assets
B1: Shared supporting assets
B2: =Tradingname -> Southern Cross Pipelines Australia Pty Limited | E2: Please ensure allocation methodologies are explained in sufficient detail in the Basis of Preparation as required under section 3.2.7 of the Guideline
B3: Year ending | C3: =Yearending -> 44742
B5: Table 3.2.1: Shared supporting asset allocation
B7: Basis of Preparation reference | C7: Description (list each individual shared asset category greater than 5%) | D7: Category of shared assets | E7: Total amount | F7: % allocated to pipeline | G7: Total allocated to pipeline
E8: $ nominal | G8: $ nominal
B9: 3.4.5 | C9: Information Technology | D9: Shared supporting assets | E9: 3.7561246e+08 | F9: =SUM('3. Statement of pipeline assets'!E77:AD77)/E9 -> 0.0010072919 | G9: =E9*F9 -> 378351.38
B10: 3.4.6 | C10: Shared leased assets | D10: Shared leased assets | E10: 44673751 | F10: =SUM('3. Statement of pipeline assets'!E83:AD83)/E10 -> 0.0018528959 | G10: =E10*F10 -> 82775.807
G11: =E11*F11 -> 0
G12: =E12*F12 -> 0
G13: =E13*F13 -> 0
G14: =E14*F14 -> 0
G15: =E15*F15 -> 0
G16: =E16*F16 -> 0
G17: =E17*F17 -> 0
G18: =E18*F18 -> 0
G19: =E19*F19 -> 0
G20: =E20*F20 -> 0
G21: =E21*F21 -> 0
G22: =E22*F22 -> 0
... G40: =E40*F40 -> 0
B41: Total | E41: =SUM(E9:E40) -> 4.2028621e+08 | G41: =SUM(G9:G40) -> 461127.19

Sheet Auditor's Report Statements

Sheet 4. Recovered capital
B1: Recovered capital method
B2: =Tradingname -> Southern Cross Pipelines Australia Pty Limited
B3: Year ending | C3: =Yearending -> 44742
B5: Table 4.1: Recovered capital method - pipeline assets
B7: Basis of Preparation reference | C7: Asset description | E7: Total | F7: Year | BI7: Drag and drop columns if required
F8: =RIGHT(TEXT(C37,"dd/mm/yyyy"),4) -> 1996 | G8: =F8+1 -> 1997 | H8: =G8+1 -> 1998 | I8: =H8+1 -> 1999 | J8: =I8+1 -> 2000 | K8: =J8+1 -> 2001 | L8: =K8+1 -> 2002 | M8: =L8+1 -> 2003 | N8: =M8+1 -> 2004 | ... BH8: =BG8+1 -> 2050
B9: 4 | C9: Pipeline assets
D10: Construction cost | E10: =SUM(F10:BH10) -> 12808593 | G10: 12808593 | H10: 0 | I10: 0 | J10: 0 | K10: 0 | L10: 0 | M10: 0 | N10: 0 | O10: 0 | P10: 0 | Q10: 0 | R10: 0 | S10: 0 | T10: 0 | U10: 0 | V10: 0 | W10: 0 | X10: 0 | Y10: 0 | Z10: 0 | AA10: 0 | AB10: 0 | AC10: 0 | AD10: 0 | AE10: 0 | AF10: 0
D11: Negative residual value | E11: =SUM(F11:BH11) -> 1759310.7 | G11: 933369.43 | H11: 6975.8553 | I11: 9766.1974 | J11: 29298.592 | K11: 59992.355 | L11: 29298.592 | M11: 27903.421 | N11: 27903.421 | O11: 27903.421 | P11: 46040.645 | Q11: 25113.079 | R11: 54411.671 | S11: 18137.224 | T11: 40459.961 | U11: 47435.816 | V11: 16742.053 | W11: 33484.105 | X11: 43250.303 | Y11: 22322.737 | Z11: 15346.882 | AA11: 29298.592 | AB11: 32088.934 | AC11: 25113.079 | AD11: -5580.6842 | AE11: 61387.526 | AF11: 101847.49
D12: Additions | E12: =SUM(F12:BH12) -> 775760.33 | G12: 0 | H12: 0 | I12: 0 | J12: 5100.7609 | K12: 827.54597 | L12: 45742.391 | M12: 7750.1164 | N12: 4255.7331 | O12: 0 | P12: 0 | Q12: 0 | R12: 190350.42 | S12: 0 | T12: 0 | U12: 0 | V12: 0 | W12: 199359.22 | X12: 0 | Y12: 35528.635 | Z12: 22420.231 | AA12: 262448.89 | AB12: 1976.3887 | AC12: 0 | AD12: 0 | AE12: 0 | AF12: 0
D13: Maintenance capitalised | E13: =SUM(F13:BH13) -> 415782.11 | G13: 0 | H13: 0 | I13: 0 | J13: 0 | K13: 0 | L13: 0 | M13: 0 | N13: 0 | O13: 185739.89 | P13: 0 | Q13: 0 | R13: 230042.22 | S13: 0 | T13: 0 | U13: 0 | V13: 0 | W13: 0 | X13: 0 | Y13: 0 | Z13: 0 | AA13: 0 | AB13: 0 | AC13: 0 | AD13: 0 | AE13: 0 | AF13: 0
D14: Leased Assets | E14: =SUM(F14:BH14) -> 0 | G14: 0 | H14: 0 | I14: 0 | J14: 0 | K14: 0 | L14: 0 | M14: 0 | N14: 0 | O14: 0 | P14: 0 | Q14: 0 | R14: 0 | S14: 0 | T14: 0 | U14: 0 | V14: 0 | W14: 0 | X14: 0 | Y14: 0 | Z14: 0 | AA14: 0 | AB14: 0 | AC14: 0 | AD14: 0 | AE14: 0 | AF14: 0
D15: Disposal (at cost) | E15: =SUM(F15:BH15) -> 0 | G15: 0 | H15: 0 | I15: 0 | J15: 0 | K15: 0 | L15: 0 | M15: 0 | N15: 0 | O15: 0 | P15: 0 | Q15: 0 | R15: 0 | S15: 0 | T15: 0 | U15: 0 | V15: 0 | W15: 0 | X15: 0 | Y15: 0 | Z15: 0 | AA15: 0 | AB15: 0 | AC15: 0 | AD15: 0 | AE15: 0 | AF15: 0
D16: Cost base | E16: =SUM(F16:BH16) -> 15759446 | F16: =SUM(F9:F15) -> 0 | G16: =SUM(G9:G15) -> 13741963 | H16: =SUM(H9:H15) -> 6975.8553 | I16: =SUM(I9:I15) -> 9766.1974 | J16: =SUM(J9:J15) -> 34399.353 | K16: =SUM(K9:K15) -> 60819.901 | L16: =SUM(L9:L15) -> 75040.983 | M16: =SUM(M9:M15) -> 35653.537 | ... BH16: =SUM(BH9:BH15) -> 0
B17: 4.3.3 | C17: Shared supporting assets
D18: Construction cost or acquisition cost (where allowed) apportioned | E18: =SUM(F18:BH18) -> 0 | G18: 0 | H18: 0 | I18: 0 | J18: 0 | K18: 0 | L18: 0 | M18: 0 | N18: 0 | O18: 0 | P18: 0 | Q18: 0 | R18: 0 | S18: 0 | T18: 0 | U18: 0 | V18: 0 | W18: 0 | X18: 0 | Y18: 0 | Z18: 0 | AA18: 0 | AB18: 0 | AC18: 0 | AD18: 0 | AE18: 0 | AF18: 0
D19: Additions | E19: =SUM(F19:BH19) -> 375465.51 | G19: 0 | H19: 0 | I19: 0 | J19: 0 | K19: 0 | L19: 0 | M19: 0 | N19: 0 | O19: 0 | P19: 0 | Q19: 0 | R19: 0 | S19: 0 | T19: 0 | U19: 0 | V19: 0 | W19: 0 | X19: 0 | Y19: 0 | Z19: 4444.4362 | AA19: 1020.3678 | AB19: 3844.7305 | AC19: 65812.181 | AD19: 68182.104 | AE19: 42714.055 | AF19: 189447.64
D20: Maintenance capitalised | E20: =SUM(F20:BH20) -> 0 | G20: 0 | H20: 0 | I20: 0 | J20: 0 | K20: 0 | L20: 0 | M20: 0 | N20: 0 | O20: 0 | P20: 0 | Q20: 0 | R20: 0 | S20: 0 | T20: 0 | U20: 0 | V20: 0 | W20: 0 | X20: 0 | Y20: 0 | Z20: 0 | AA20: 0 | AB20: 0 | AC20: 0 | AD20: 0 | AE20: 0 | AF20: 0
D21: Leased Assets | E21: =SUM(F21:BH21) -> 83099.055 | G21: 0 | H21: 0 | I21: 0 | J21: 0 | K21: 0 | L21: 0 | M21: 0 | N21: 0 | O21: 0 | P21: 0 | Q21: 0 | R21: 0 | S21: 0 | T21: 0 | U21: 0 | V21: 0 | W21: 0 | X21: 0 | Y21: 0 | Z21: 0 | AA21: 0 | AB21: 0 | AC21: 0 | AD21: 55280.321 | AE21: 13494.046 | AF21: 14324.687
D22: Disposal (at cost) | E22: =SUM(F22:BH22) -> -60410.302 | G22: 0 | H22: 0 | I22: 0 | J22: 0 | K22: 0 | L22: 0 | M22: 0 | N22: 0 | O22: 0 | P22: 0 | Q22: 0 | R22: 0 | S22: 0 | T22: 0 | U22: 0 | V22: 0 | W22: 0 | X22: 0 | Y22: 0 | Z22: -274.7084 | AA22: -115.86832 | AB22: -325.48898 | AC22: -1228.6812 | AD22: -1479.9442 | AE22: -4646.2725 | AF22: -52339.339
D23: Cost base | E23: =SUM(F23:BH23) -> 398154.26 | F23: =SUM(F18:F22) -> 0 | G23: =SUM(G18:G22) -> 0 | H23: =SUM(H18:H22) -> 0 | I23: =SUM(I18:I22) -> 0 | J23: =SUM(J18:J22) -> 0 | K23: =SUM(K18:K22) -> 0 | L23: =SUM(L18:L22) -> 0 | M23: =SUM(M18:M22) -> 0 | ... BH23: =SUM(BH18:BH22) -> 0
D24: Total assets | E24: =E16+E23 -> 16157601 | F24: =F16+F23 -> 0 | G24: =G16+G23 -> 13741963 | H24: =H16+H23 -> 6975.8553 | I24: =I16+I23 -> 9766.1974 | J24: =J16+J23 -> 34399.353 | K24: =K16+K23 -> 60819.901 | L24: =L16+L23 -> 75040.983 | ... BH24: =BH16+BH23 -> 0
C25: Return of capital
B26: 4.3.2 | D26: Revenue | E26: =SUM(F26:BH26) -> 54074303 | G26: 1017049.3 | H26: 1279254.1 | I26: 1311411.1 | J26: 1343321 | K26: 1388846.4 | L26: 1439630.6 | M26: 1472191.3 | N26: 1747620.3 | O26: 2007067.3 | P26: 2082781.4 | Q26: 2144131.2 | R26: 2083655.5 | S26: 2184294.4 | T26: 2164328.8 | U26: 2250198.2 | V26: 2399267.7 | W26: 2410655.8 | X26: 2444166.8 | Y26: 2499959.7 | Z26: 2710711.7 | AA26: 2530360.2 | AB26: 2571238.5 | AC26: 2591803.5 | AD26: 2616307.6 | AE26: 2655228.6 | AF26: 2728821.9
B27: 4.3.2 | D27: Operating expenses | E27: =SUM(F27:BH27) -> -4538654.3 | G27: -78831.576 | H27: -96837.194 | I27: -98081.272 | J27: -100398.55 | K27: -100553.55 | L27: -110205.23 | M27: -105507.81 | N27: -133019.58 | O27: -117721.01 | P27: -126253.23 | Q27: -125970.18 | R27: -129538.73 | S27: -118910.44 | T27: -129899.38 | U27: -132572.36 | V27: -151489.24 | W27: -168718.04 | X27: -160501.3 | Y27: -181285.97 | Z27: -172698.47 | AA27: -172125.63 | AB27: -177667.59 | AC27: -256880.72 | AD27: -367782.05 | AE27: -509173.28 | AF27: -516031.92
B28: 4.3.2 | D28: Leased Asset Interest/Financing Charge | E28: =SUM(F28:BH28) -> -4964.1235 | G28: 0 | H28: 0 | I28: 0 | J28: 0 | K28: 0 | L28: 0 | M28: 0 | N28: 0 | O28: 0 | P28: 0 | Q28: 0 | R28: 0 | S28: 0 | T28: 0 | U28: 0 | V28: 0 | W28: 0 | X28: 0 | Y28: 0 | Z28: 0 | AA28: 0 | AB28: 0 | AC28: 0 | AD28: -1914.8356 | AE28: -1677.7783 | AF28: -1371.5096
B29: 4.3.5 | D29: Net tax liabilities | E29: =SUM(F29:BH29) -> -7503250.1 | G29: -214080.71 | H29: 0 | I29: 0 | J29: 0 | K29: 0 | L29: 0 | M29: 0 | N29: -100982.01 | O29: -181180.25 | P29: -218110.25 | Q29: -239598.57 | R29: -175661.81 | S29: -197275.94 | T29: -216379.07 | U29: -254369.04 | V29: -294209.19 | W29: -334666.13 | X29: -358684.86 | Y29: -381295.24 | Z29: -469644.13 | AA29: -646706.26 | AB29: -667647.83 | AC29: -661087.32 | AD29: -645456.67 | AE29: -613907.77 | AF29: -632307.06
B30: 4.3.4 | D30: Return on capital | E30: =SUM(F30:BH30) -> -25869834 | G30: 0 | H30: -1484162.3 | I30: -1322128.4 | J30: -1435790.4 | K30: -1463087.5 | L30: -1333144.5 | M30: -1277512.7 | N30: -1103379.8 | O30: -1266055.4 | P30: -1150712.1 | Q30: -1155464.1 | R30: -1286203.5 | S30: -1330415.9 | T30: -1154770.4 | U30: -1066480.1 | V30: -964698.91 | W30: -689291.72 | X30: -629698.18 | Y30: -547035.31 | Z30: -402896.62 | AA30: -236905.57 | AB30: -164554.9 | AC30: -177341.8 | AD30: -1484752.2 | AE30: -1417520.4 | AF30: -1325830.9
D31: Return of Capital | E31: =SUM(F31:BH31) -> 16157601 | F31: =SUM(F26:F30) -> 0 | G31: =SUM(G26:G30) -> 724136.99 | H31: =SUM(H26:H30) -> -301745.35 | I31: =SUM(I26:I30) -> -108798.54 | J31: =SUM(J26:J30) -> -192867.93 | K31: =SUM(K26:K30) -> -174794.62 | L31: =SUM(L26:L30) -> -3719.1366 | M31: =SUM(M26:M30) -> 89170.799 | ... BH31: =SUM(BH26:BH30) -> 0
D32: Recovered capital method total asset value | E32: =SUM(F32:BH32) -> -2.910383e-10 | F32: =F16+F23-F31 -> 0 | G32: =G16+G23-G31 -> 13017826 | H32: =H16+H23-H31 -> 308721.21 | I32: =I16+I23-I31 -> 118564.74 | J32: =J16+J23-J31 -> 227267.28 | K32: =K16+K23-K31 -> 235614.52 | L32: =L16+L23-L31 -> 78760.119 | M32: =M16+M23-M31 -> -53517.262 | ... BH32: =BH16+BH23-BH31 -> 0
C33: For information | D33: Opening Asset Base - RCM value | G33: =F24+F33-F31 -> 0 | H33: =G24+G33-G31 -> 13017826 | I33: =H24+H33-H31 -> 13326547 | J33: =I24+I33-I31 -> 13445112 | K33: =J24+J33-J31 -> 13672379 | L33: =K24+K33-K31 -> 13907993 | M33: =L24+L33-L31 -> 13986753 | N33: =M24+M33-M31 -> 13933236 | ... BH33: =BG24+BG33-BG31 -> 3.6670826e-09
B35: Table 4.2: Pipeline details
B37: Construction date | C37: 35322
B38: Negative residual value | C38: =E11 -> 1759310.7

Sheet 4.1 Pipelines capex
B1: Capital expenditure
B2: =Tradingname -> Southern Cross Pipelines Australia Pty Limited
B3: Year ending | C3: =Yearending -> 44742
B5: Table 4.1.1: Capital expenditure greater than 5% of construction cost
B7: Basis of Preparation reference | C7: Description of works | D7: Date recognised | E7: Expenditure ($ nominal)

Sheet Auditor's Review Report RCM

Sheet 5. Weighted average price
B1: Weighted average prices
B2: =Tradingname -> Southern Cross Pipelines Australia Pty Limited
B3: Year ending | C3: =Yearending -> 44742
B5: Table 5.1: Weighted average prices
B7: Basis of preparation reference | C7: Service description | E7: Has there been any use of estimates to allocate revenue to each transportation service? | F7: Other Services | L7: Postage Stamp Transportation Services | S7: Zonal Based Transportation Services | AL7: Distance Based Transportation Services (to major delivery points)
T8: Zone 1 | Z8: Zone 2 | AF8: Zone 3 | AM8: Major Delivery Point 1 | AS8: Major Delivery Point 2 | AY8: Major Delivery Point 3 | BE8: Other Delivery Points
D9: Total revenue | F9: Capacity based charges | I9: Volumetric based charges | L9: Total Postage Stamp Revenue | M9: Capacity based | P9: Volumetric based | S9: Total Zonal Revenue | T9: Capacity based | W9: Volumetric based | Z9: Capacity based | AC9: Volumetric based | AF9: Capacity based | AI9: Volumetric based | AL9: Total Distance Based Revenue | AM9: Capacity based | AP9: Volumetric based | AS9: Capacity based | AV9: Volumetric based | AY9: Capacity based | BB9: Volumetric based | BE9: Capacity based | BH9: Volumetric based
D10: $'000 | F10: Revenue $'000 | G10: MDQ Total TJ* | H10: WAP $/GJ | I10: Revenue $'000 | J10: Total TJ | K10: WAP $/GJ | L10: $ '000 | M10: Revenue $'000 | N10: MDQ Total TJ* | O10: WAP $/GJ | P10: Revenue $'000 | Q10: Total TJ | R10: WAP $/GJ | S10: $'000 | T10: Revenue $'000 | U10: MDQ Total TJ* | V10: WAP $/GJ | W10: Revenue $'000 | X10: Total TJ | Y10: WAP $/GJ | Z10: Revenue $'000 | AA10: MDQ Total TJ* | AB10: WAP $/GJ | AC10: Revenue $'000 | AD10: Total TJ | AE10: WAP $/GJ | AF10: Revenue $'000 | AG10: MDQ Total TJ* | AH10: WAP $/GJ | AI10: Revenue $'000 | AJ10: Total TJ | AK10: WAP $/GJ | AL10: $'000 | AM10: Revenue $'000 | AN10: MDQ Total TJ* | AO10: WAP $/GJ | AP10: Revenue $'000 | AQ10: Total TJ | AR10: WAP $/GJ | AS10: Revenue $'000 | AT10: MDQ Total TJ* | AU10: WAP $/GJ | AV10: Revenue $'000 | AW10: Total TJ | AX10: WAP $/GJ | AY10: Revenue $'000 | AZ10: MDQ Total TJ* | BA10: WAP $/GJ | BB10: Revenue $'000 | BC10: Total TJ | BD10: WAP $/GJ | BE10: Revenue $'000 | BF10: MDQ Total TJ* | BG10: WAP $/GJ | BH10: Revenue $'000 | BI10: Total TJ | BJ10: WAP $/GJ
C11: Transportation services
C12: Firm forward haul transportation services | D12: =L12+S12+AL12 -> 0 | L12: =M12+P12 -> 0 | M12: 0 | N12: 0 | O12: =IFERROR(M12/N12,0) -> 0 | P12: 0 | Q12: 0 | R12: =IFERROR(P12/Q12,0) -> 0 | S12: =T12+W12+Z12+AC12+AF12+AI12 -> 0 | T12: 0 | U12: 0 | V12: =IFERROR(T12/U12,0) -> 0 | W12: 0 | X12: 0 | Y12: =IFERROR(W12/X12,0) -> 0 | Z12: 0 | AA12: 0 | AB12: =IFERROR(Z12/AA12,0) -> 0 | AC12: 0 | AD12: 0 | AE12: =IFERROR(AC12/AD12,0) -> 0 | AF12: 0 | AG12: 0 | AH12: =IFERROR(AF12/AG12,0) -> 0 | AI12: 0 | AJ12: 0 | AK12: =IFERROR(AI12/AJ12,0) -> 0 | AL12: =AM12+AP12+AS12+AV12+AY12+BB12+BE12+BH12 -> 0 | AM12: 0 | AN12: 0 | AO12: =IFERROR(AM12/AN12,0) -> 0 | AP12: 0 | AQ12: 0 | AR12: =IFERROR(AP12/AQ12,0) -> 0 | AS12: 0 | AT12: 0 | AU12: =IFERROR(AS12/AT12,0) -> 0 | AV12: 0 | AW12: 0 | AX12: =IFERROR(AV12/AW12,0) -> 0 | AY12: 0 | AZ12: 0 | BA12: =IFERROR(AY12/AZ12,0) -> 0 | BB12: 0 | BC12: 0 | BD12: =IFERROR(BB12/BC12,0) -> 0 | BE12: 0 | BF12: 0 | BG12: =IFERROR(BE12/BF12,0) -> 0 | BH12: 0 | BI12: 0 | BJ12: =IFERROR(BH12/BI12,0) -> 0
C13: Interruptible or as available transportation services | D13: =L13+S13+AL13 -> 0 | L13: =M13+P13 -> 0 | M13: 0 | N13: 0 | O13: =IFERROR(M13/N13,0) -> 0 | P13: 0 | Q13: 0 | R13: =IFERROR(P13/Q13,0) -> 0 | S13: =T13+W13+Z13+AC13+AF13+AI13 -> 0 | T13: 0 | U13: 0 | V13: =IFERROR(T13/U13,0) -> 0 | W13: 0 | X13: 0 | Y13: =IFERROR(W13/X13,0) -> 0 | Z13: 0 | AA13: 0 | AB13: =IFERROR(Z13/AA13,0) -> 0 | AC13: 0 | AD13: 0 | AE13: =IFERROR(AC13/AD13,0) -> 0 | AF13: 0 | AG13: 0 | AH13: =IFERROR(AF13/AG13,0) -> 0 | AI13: 0 | AJ13: 0 | AK13: =IFERROR(AI13/AJ13,0) -> 0 | AL13: =AM13+AP13+AS13+AV13+AY13+BB13+BE13+BH13 -> 0 | AM13: 0 | AN13: 0 | AO13: =IFERROR(AM13/AN13,0) -> 0 | AP13: 0 | AQ13: 0 | AR13: =IFERROR(AP13/AQ13,0) -> 0 | AS13: 0 | AT13: 0 | AU13: =IFERROR(AS13/AT13,0) -> 0 | AV13: 0 | AW13: 0 | AX13: =IFERROR(AV13/AW13,0) -> 0 | AY13: 0 | AZ13: 0 | BA13: =IFERROR(AY13/AZ13,0) -> 0 | BB13: 0 | BC13: 0 | BD13: =IFERROR(BB13/BC13,0) -> 0 | BE13: 0 | BF13: 0 | BG13: =IFERROR(BE13/BF13,0) -> 0 | BH13: 0 | BI13: 0 | BJ13: =IFERROR(BH13/BI13,0) -> 0
C14: Backhaul services | D14: =L14+S14+AL14 -> 0 | L14: =M14+P14 -> 0 | M14: 0 | N14: 0 | O14: =IFERROR(M14/N14,0) -> 0 | P14: 0 | Q14: 0 | R14: =IFERROR(P14/Q14,0) -> 0 | S14: =T14+W14+Z14+AC14+AF14+AI14 -> 0 | T14: 0 | U14: 0 | V14: =IFERROR(T14/U14,0) -> 0 | W14: 0 | X14: 0 | Y14: =IFERROR(W14/X14,0) -> 0 | Z14: 0 | AA14: 0 | AB14: =IFERROR(Z14/AA14,0) -> 0 | AC14: 0 | AD14: 0 | AE14: =IFERROR(AC14/AD14,0) -> 0 | AF14: 0 | AG14: 0 | AH14: =IFERROR(AF14/AG14,0) -> 0 | AI14: 0 | AJ14: 0 | AK14: =IFERROR(AI14/AJ14,0) -> 0 | AL14: =AM14+AP14+AS14+AV14+AY14+BB14+BE14+BH14 -> 0 | AM14: 0 | AN14: 0 | AO14: =IFERROR(AM14/AN14,0) -> 0 | AP14: 0 | AQ14: 0 | AR14: =IFERROR(AP14/AQ14,0) -> 0 | AS14: 0 | AT14: 0 | AU14: =IFERROR(AS14/AT14,0) -> 0 | AV14: 0 | AW14: 0 | AX14: =IFERROR(AV14/AW14,0) -> 0 | AY14: 0 | AZ14: 0 | BA14: =IFERROR(AY14/AZ14,0) -> 0 | BB14: 0 | BC14: 0 | BD14: =IFERROR(BB14/BC14,0) -> 0 | BE14: 0 | BF14: 0 | BG14: =IFERROR(BE14/BF14,0) -> 0 | BH14: 0 | BI14: 0 | BJ14: =IFERROR(BH14/BI14,0) -> 0
C15: Stand alone compression services
C16: Firm stand alone compression services | D16: =F16+I16 -> 0 | F16: 0 | G16: 0 | H16: =IFERROR(F16/G16,0) -> 0 | I16: 0 | J16: 0 | K16: =IFERROR(I16/J16,0) -> 0
C17: Storage services
C18: Firm park/park and loan services | D18: =F18+I18 -> 0 | F18: 0 | G18: 0 | H18: =IFERROR(F18/G18,0) -> 0 | I18: 0 | J18: 0 | K18: =IFERROR(I18/J18,0) -> 0
C19: Total exempt services | D19: =F19+I19 -> 2728.2726 | F19: 2656.7552 | I19: 71.5174
C20: Total | D20: =SUM(D12:D19) -> 2728.2726 | F20: =SUM(F12:F19) -> 2656.7552 | G20: =SUM(G12:G19) -> 0 | I20: =SUM(I12:I19) -> 71.5174 | J20: =SUM(J12:J19) -> 0 | L20: =SUM(L12:L19) -> 0 | M20: =SUM(M12:M19) -> 0 | N20: =SUM(N12:N19) -> 0 | P20: =SUM(P12:P19) -> 0 | Q20: =SUM(Q12:Q19) -> 0 | S20: =SUM(S12:S19) -> 0 | T20: =SUM(T12:T19) -> 0 | U20: =SUM(U12:U19) -> 0 | W20: =SUM(W12:W19) -> 0 | X20: =SUM(X12:X19) -> 0 | Z20: =SUM(Z12:Z19) -> 0 | AA20: =SUM(AA12:AA19) -> 0 | AC20: =SUM(AC12:AC19) -> 0 | AD20: =SUM(AD12:AD19) -> 0 | AF20: =SUM(AF12:AF19) -> 0 | AG20: =SUM(AG12:AG19) -> 0 | AI20: =SUM(AI12:AI19) -> 0 | AJ20: =SUM(AJ12:AJ19) -> 0 | AL20: =SUM(AL12:AL19) -> 0 | AM20: =SUM(AM12:AM19) -> 0 | AN20: =SUM(AN12:AN19) -> 0 | AP20: =SUM(AP12:AP19) -> 0 | AQ20: =SUM(AQ12:AQ19) -> 0 | AS20: =SUM(AS12:AS19) -> 0 | AT20: =SUM(AT12:AT19) -> 0 | AV20: =SUM(AV12:AV19) -> 0 | AW20: =SUM(AW12:AW19) -> 0 | AY20: =SUM(AY12:AY19) -> 0 | AZ20: =SUM(AZ12:AZ19) -> 0 | BB20: =SUM(BB12:BB19) -> 0 | BC20: =SUM(BC12:BC19) -> 0 | BE20: =SUM(BE12:BE19) -> 0 | BF20: =SUM(BF12:BF19) -> 0 | BH20: =SUM(BH12:BH19) -> 0 | BI20: =SUM(BI12:BI19) -> 0
B22: * MDQ (Total TJ) = sum of MDQ’s over the reporting period in TJs

Sheet 5.1 Exempt WAP services
B1: Services exemption granted from ERA for Weighted Average Price disclosure
B2: =Tradingname -> Southern Cross Pipelines Australia Pty Limited
B3: Year ending | C3: =Yearending -> 44742
B5: Table 5.1.1: ERA exemptions
B7: Service category
B8: Firm forward haul transportation service
B9: Interruptible or as available transportation service

Sheet 5.2 Actual Pricing
B1: Actual Pricing per section 7.3 of Guideline
B2: =Tradingname -> Southern Cross Pipelines Australia Pty Limited
B3: Year ending | C3: =Yearending -> 44742

Sheet Auditor's Review Report WAP

Sheet Amendment record
A2: Date | B2: ERA amendment# | C2: Worksheet | D2: Table | E2: Cell | F2: Change | G2: Reason
A3: 44083 | B3: 1 | C3: 3. Statement of pipeline assets | D3: 3.1 Pipeline assets | E3: Rows 57 and 62 | F3: Row inserted | G3: To enable reporting of all aspects of Land and Easements, and Other Depreciable Pipeline Assets.
A4: 44083 | B4: =B3+1 -> 2 | C4: 3. Statement of pipeline assets | D4: 3.1 Pipeline assets | E4: B66:H71 | F4: Row inserted | G4: New section for Leased pipeline assets (per AASB16)
A5: 44083 | B5: =B4+1 -> 3 | C5: 3. Statement of pipeline assets | D5: 3.1 Pipeline assets | E5: Rows 79 to 84 | F5: Row inserted | G5: New section for Shared leased assets (per AASB16)
A6: 44083 | B6: =B5+1 -> 4 | C6: 3. Statement of pipeline assets | D6: 3.1 Pipeline assets | E6: D65:H65 | F6: Formula updated | G6: Added rows 61 to 64 and updated the formulae to sum up the values in these rows.
A7: 44083 | B7: =B6+1 -> 5 | C7: 3. Statement of pipeline assets | D7: 3.1 Pipeline assets | E7: D72:H72 | F7: Formula updated | G7: Updated to include Leased Pipeline Assets in Total Pipeline Assets
A8: 44083 | B8: =B7+1 -> 6 | C8: 3. Statement of pipeline assets | D8: 3.1 Pipeline assets | E8: D78:H78 | F8: Formula updated | G8: Added rows 74 to 77 and updated the formulae to sum up the values in these rows.
A9: 44083 | B9: =B8+1 -> 7 | C9: 3. Statement of pipeline assets | D9: 3.1 Pipeline assets | E9: D88:H88 | F9: Formula updated | G9: Updated to include Shared Leased Assets in Total shared supporting assets allocated
A10: 44083 | B10: =B9+1 -> 8 | C10: 3.1 Pipeline asset useful life | D10: 3.1.1 Asset useful life | E10: B21:F37 | F10: Inserted rows | G10: Table to capture details of lease asset lives (AASB16)
A11: 44083 | B11: =B10+1 -> 9 | C11: 3.2 Shared supporting assets | D11: 3.2.1 Shared supporting asset allocation | E11: B30:G34 | F11: Row inserted | G11: 5 rows inserted to allow for additional assets per AASB16
A12: 44083 | B12: =B11+1 -> 10 | C12: 4 Recovered capital | D12: 4.1 Recovered capital method - pipeline assets | E12: E18:E22 | F12: New formulae | G12: Insert missing formulae totalling the Shared Supporting Asset items across periods
A13: 44083 | B13: =B12+1 -> 11 | C13: 1.1 Financial summary | D13: 1.1.1 Financial summary | E13: D20:H20 | F13: Formula updated | G13: Address polarity issue coming from the source data by adding a negative sign to the formula and update to include additional depreciation items from amendment #1 and AASB-16
A14: 44083 | B14: =B13+1 -> 12 | C14: 1.1 Financial summary | D14: 1.1.1 Financial summary | E14: D6:H6 | F14: Format | G14: Use of actual year instead of "RAB year 1", "RAB year 2", "RAB year 3", etc.
A15: 44083 | B15: =B14+1 -> 13 | C15: 3. Statement of pipeline assets | D15: 3.1 Pipeline assets | E15: D8 to H9 | F15: Format | G15: Use of actual year instead of "RAB year 1", "RAB year 2", "RAB year 3", etc.
... A32: 44118 | B32: =B31+1 -> 30 | C32: 4. Recovered Capital | D32: 4.1 Recovered capital method - pipeline assets | E32: D18 | F32: A typographical error fixed. | G32: Corrected the spelling from 'acqusition' to 'acquisition'.
A33: 44377 | B33: =B32+1 -> 31 | C33: Cover | E33: A27:E27 | F33: Question added | G33: To record publication date of the report
A34: 44377 | B34: =B33+1 -> 32 | C34: Cover | E34: A29:E29 | F34: Question added | G34: To record the date to which the reported information is current
A35: 44377 | B35: =B34+1 -> 33 | C35: Cover | E35: A31:K31 | F35: Questions added | G35: To record if there has been any change to the reported information within the current reporting period since publication date, and identify which part of the ‘basis of preparation’ document captures or explains the change in the published information.
A36: 44377 | B36: =B35+1 -> 34 | C36: Contents | D36: Table of contents | F36: Contents updated | G36: To fix hyperlinks, reflect change in tab name (3.1), and change formatting
A37: 44377 | B37: =B36+1 -> 35 | C37: 1. Pipeline information | D37: 1.2 Pipeline services provided | E37: B16, B20, B21 | F37: Heading renamed | G37: To be consistent with the pipeline service categories in Table 2.1.1.
A38: 44377 | B38: =B37+1 -> 36 | C38: 1. Pipeline information | D38: 1.2 Pipeline services provided | E38: C29:D36 | F38: List added | G38: To add a yes/no dropdown list, consistent with other rows.
A39: 44377 | B39: =B38+1 -> 37 | C39: 1.1 Financial summary | E39: B2:C3 | F39: Heading added | G39: To add service provider name and reporting period, consistent with other worksheets
A40: 44377 | B40: =B39+1 -> 38 | C40: 1.1 Financial summary | D40: 1.1.1 Financial summary | E40: C8 | F40: Formatting changed | G40: To be consistent with other headings in the table
A41: 44377 | B41: =B40+1 -> 39 | C41: 1.1 Financial summary | D41: 1.1.1 Financial summary | E41: D11:H36 | F41: Formula updated Formatting changed | G41: If applicable, to report dollar values in $million, in 2 decimal places, and negative values in brackets.
A42: 44377 | B42: =B41+1 -> 40 | C42: 1.1 Financial summary | D42: 1.1.1 Financial summary | E42: B14 and B27 | F42: Labelling amended | G42: To specify unit ($m, Nominal) for Disposal (at cost) and Actual Revenue
A43: 44377 | B43: =B42+1 -> 41 | C43: 1.1 Financial summary | D43: 1.1.1 Financial summary | E43: Rows 11, 12, 14, 21 | F43: Formula corrected Formatting changed | G43: To correctly reflect all asset categories from Table 3.1, as some asset categories (leased pipeline and shared leased assets) were previously omitted. Values are reported in $m as in amendment #39.
A44: 44377 | B44: =B43+1 -> 42 | C44: 1.1 Financial summary | D44: 1.1.1 Financial summary | E44: Row 13 (H13) | F44: Formula updated | G44: To be consistent with amendments in Table 2.2.2 'Government contributions received' (see amendment #59). Values are reported in $m as in Amendment 39.
A45: 44377 | B45: =B44+1 -> 43 | C45: 1.1 Financial summary | D45: 1.1.1 Financial summary | E45: Row 27 (H27) | F45: Formula updated | G45: To be consistent with amendments in Table '2.1 Statement of pipeline revenues and expenses' (see amendment 47). Values are reported in $m as in amendment #39.
A46: 44377 | B46: =B45+1 -> 44 | C46: 1.1 Financial summary | D46: 1.1.1 Financial summary | E46: Row 29 | F46: Formatting changed | G46: Added years in the same format as in Table 4.1 'Recovered Capital Method', where succeeding financial values are sourced.
A47: 44377 | B47: =B46+1 -> 45 | C47: 1.1 Financial summary | D47: 1.1.1 Financial summary | E47: Rows 31:32 (B31:H32) | F47: Formula updated Formatting changed | G47: Changed source to specify that values come from Tab '4.Recovered Capital'. Amended formula to automatically populate corresponding values from Table 4.1, and report in $m as in amendment #39.
A48: 44377 | B48: =B47+1 -> 46 | C48: 1.1 Financial summary | D48: 1.1.1 Financial summary | E48: Rows 33:35 (B33:H35) | F48: Formula added Formatting changed | G48: Changed cell formatting from yellow (input cells) to grey (no inputs required). Added formula to automatically populate values reported in Table 4.1, and report in $m as in amendment #39.
A49: 44377 | B49: =B48+1 -> 47 | C49: 2. Revenue and expenses | D49: 2.1 Statement of pipeline revenues and expenses | E49: Row 12:14 / C12:C14 | F49: Rows added | G49: New categories are added to improve the clarity and consistency of revenue streams. - Customer contribution revenue (removed from Table 2.1.1) - Government contribution revenue (removed from Table 2.1.1) - Profit from sale of fixed assets
A50: 44377 | B50: =B49+1 -> 48 | C50: 2. Revenue and expenses | D50: 2.1 Statement of pipeline revenues and expenses | E50: D13 and E13 | F50: Formula updated | G50: Updated formula in D13 and removed formula in E13 to be consistent with amendments in Table 2.2.2 'Government contributions received'. See amendment #60.
A51: 44377 | B51: =B50+1 -> 49 | C51: 2. Revenue and expenses | D51: 2.1 Statement of pipeline revenues and expenses | E51: D32:E40 | F51: Formula corrected | G51: To correctly populate data from Table 2.4.1
... A72: 44377 | B72: =B71+1 -> 70 | C72: 3. Statement of pipeline assets | D72: 3.1 Pipeline assets | E72: Row 87/ C87 | F72: Row added | G72: To add asset class heading "Other assets' for clarity and consistency
A73: 44377 | B73: =B72+1 -> 71 | C73: 3.1 Asset useful life | F73: Tab renamed | G73: Renamed from 3.1 "Pipeline asset useful life" to "Asset useful life' to be consistent with the heading of the worksheet. Worksheet contains shared assets other than pipeline assets.
A74: 44377 | B74: =B73+1 -> 72 | C74: 3.2 Shared supporting assets | D74: 3.2.1 Shared supporting asset allocation | E74: D9:D40 | F74: List created | G74: To add dropdown list consistent with asset classes in Table 3.1
A75: 44377 | B75: =B74+1 -> 73 | C75: 3.2 Shared supporting assets | D75: 3.2.1 Shared supporting asset allocation | E75: E2:G4 | F75: Guidance note added | G75: To prompt operators to include sufficient information on their basis of preparation, explaining allocation methodologies and basis of allocators.
A76: 44377 | B76: =B75+1 -> 74 | C76: 4. Recovered Capital | F76: Tab renamed | G76: Minor punctuation amendment
A77: 44377 | B77: =B76+1 -> 75 | C77: 4. Recovered Capital | D77: 4.1 Recovered capital method - pipeline assets | E77: E11 | F77: Formula corrected | G77: Revised formula to sum F11:BH11, consistent with the treatment of other cost components that make up the ‘cost base’
A78: 44377 | B78: =B77+1 -> 76 | C78: 4. Recovered Capital | D78: 4.1 Recovered capital method - pipeline assets | E78: F31:BH31 | F78: Formula corrected | G78: To exclude row 25 which is not an input cell
A79: 44377 | B79: =B78+1 -> 77 | C79: 4. Recovered Capital | D79: 4.1 Recovered capital method - pipeline assets | E79: Row 33 | F79: Row added | G79: To add information on Opening Asset Base - RCM value
A80: 44377 | B80: =B79+1 -> 78 | C80: 5. Weighted average price | D80: 5.1 Weighted average prices | E80: Column B | F80: Column added | G80: To disclose the reference to the basis of preparation where pipeline operator may have explained the basis of allocation between pipeline and service types
A81: 44377 | B81: =B80+1 -> 79 | C81: 5. Weighted average price | D81: 5.1 Weighted average prices | E81: Column E | F81: Column added | G81: To disclose if estimates were used by the pipeline operator to allocate revenue between pipelines and service types.
A82: 44377 | B82: =B81+1 -> 80 | C82: 5. Weighted average price | D82: 5.1 Weighted average prices | E82: B2:C3 | F82: Heading added | G82: To add service provider name and year ending information, consistent with other worksheets
A83: 44377 | B83: =B82+1 -> 81 | C83: 5. Weighted average price | D83: 5.1 Weighted average prices | E83: F10:BJ10 | F83: Headings amended Formatting changed | G83: Headings/units amended, and format changed for clarity and consistency with formula, as follows: - revenues in $'000 - MDQ in Total TJ* - WAP in $/GJ
A84: 44377 | B84: =B83+1 -> 82 | C84: 5. Weighted average price | D84: 5.1 Weighted average prices | E84: C19:20 | F84: Formatting changed | G84: To be consistent with other tables
A85: 44377 | B85: =B84+1 -> 83 | C85: 5. Weighted average price | D85: 5.1 Weighted average prices | E85: Row 22 | F85: Explanatory note added | G85: To clarify the MDQ unit as: Total TJ = sum of MDQ’s over the reporting period in TJs
A86: 44377 | B86: =B85+1 -> 84 | C86: All worksheets | E86: Numerical cells | F86: Formatting changed | G86: Amend relevant numerical cells to ensure format is in comma style, negative values in brackets and rounded off to nearest whole number
A87: 44377 | B87: =B86+1 -> 85 | C87: All worksheets | E87: A1 | F87: Formatting changed | G87: To make hyperlink to Content tab more visible and accessible
A88: 44742 | B88: =B87+1 -> 86 | C88: Cover | E88: A27:E27 | F88: Question added | G88: To record publication date of the report
A89: 44742 | B89: =B88+1 -> 87 | C89: Cover | E89: A29:E29 | F89: Question added | G89: To record the date to which the reported information is current
A90: 44742 | B90: =B89+1 -> 88 | C90: Cover | E90: A31:K31 | F90: Questions added | G90: To record if there has been any change to the reported information within the current reporting period since publication date, and identify which part of the ‘basis of preparation’ document captures or explains the change in the published information.

Sheet APA Amendment record
A1: Date | B1: APA amendment# | C1: Worksheet | D1: Table | E1: Cell | F1: Change | G1: Reason
A2: 44440 | B2: 1 | C2: 1.1 Financial summary | D2: Table 1.1.1 Financial Summary | E2: Line 14 | F2: Change to formula to reflect disposals as a positive number. | G2: To correctly state the return on capital reported in line 20, if formula was left as it was, Return on capital would have been over stated.
A3: 44440 | B3: 2 | C3: 1.1 Financial summary | D3: Table 1.1.1 Financial Summary | E3: B14 | F3: Description changed to "Disposal (at proceeds)" | G3: To reflect that disposals are recorded at proceeds.
A4: 44440 | B4: 3 | C4: 1.1 Financial summary | D4: Table 1.1.1 Financial Summary | E4: Line 14 | F4: Change to formula to reflect disposals as a positive number. | G4: To correctly state the return on capital reported in line 19, if formula was left as it was, Return on capital would have been over stated.

Sheet 6. Notes
B1: Additional (optional) notes and information
B2: =Tradingname -> Southern Cross Pipelines Australia Pty Limited
B3: Year ending | C3: =Yearending -> 44742
B5: Table reference
B6: Cover | C6: The financial reporting under light regulation is an annual reporting requirement for APA's light regulation pipelines, requiring annual publishing by 31 October 2022.
B7: 1.1 | C7: APA has counted each contracting entity as a separate customer to determine customer numbers for each pipeline.
B8: 1.1.1 | C8: Interest charge on the Right of Use asset are for reporting purposes in the financial summary included as part of operating expenditure and not separated out in the model.
B9: 1.1.1 | C9: The debt raising cost included in the table 1.1.1 is calculated by applying the debt raising cost rate to the average Regulated Asset Base to the permitted proportion of 60% for debt funding.
B10: 2.1 | C10: Change in accounting policy – Software-as-a-Service arrangements During FY21, APA Group revised its accounting policy to record the configuration and customisation costs incurred in implementation of SaaS arrangements as an operating expense within profit or loss in response to the IFRS Interpretations Committee's ("IFRIC") Agenda Decision published in April 2021 related to accounting for Software-as-a-Service ("SaaS") arrangements. For Group Statutory Financial Accounting purposes, APA Group has implemented the IFRIC Agenda Decision retrospectively. As the regulatory framework under Part 7 does not account for retained earnings, the configuration and customisation costs incurred in the implementation of SaaS arrangements for all prior periods (FY2018-FY2020) were expensed in FY21’s profit or loss in the ‘Statement of Pipeline Revenue and Expenses’ and the ‘Recovered Capital Method’. For Part 7 reporting, capitalised implementation cost relating to SaaS arrangements were de-recognised in FY 21 through a decrease in the FY21 allocation of shared support assets. Included in the total corporate expenditure of $185,206 recorded in the FY21’s profit or loss in the ‘Statement of Pipeline Revenue and Expenses’ is $26,760 of implementation costs relating to prior periods that were capitalised and recognised in property, plant and equipment on a cumulative basis through to 30 June 2020. APA has assessed that the amounts charged to the profit or loss in FY21 relating to prior periods, have no material impact on APA's FY21 or prior period's Part 7 Financial Reporting. On that basis, APA has not restated the prior period comparative amounts in the ‘Statement of Pipeline Revenue and Expenses’ nor the ‘Recovered Capital Method’.
B11: 2.1 | C11: Payroll review During FY22, APA Group conducted the first stage of a historical payroll review which identified that certain employees across the APA Group were not paid in full compliance with obligations under APA's enterprise agreements. A provision of $32 million (which related to a 7 year period) was recorded in connection with the payroll review in the records of the APA corporate entity. For financial accounting purposes, the Group Statutory financial information (FY21 and retained earnings) was restated to account for the impact of the payroll review. As the regulatory framework under part 7 does not account for retained earnings, the cumulative payroll adjustment for all years was accounted for in FY22 and prior periods were not restated. The payroll adjustment has been allocated to individual pipelines based on a combination of direct costs attributable to pipelines and where the cost was not directly attributable, based on relevant non causal drivers. Included in wages of $58,260, recorded in the FY22’s profit or loss in the ‘Statement of Pipeline Revenue and Expenses’, is $9,900 of payroll costs relating to prior periods. APA also concluded that the amounts charged to the profit or loss in FY22 relating to prior periods had no material impact for Part 7 reporting purposes.

Sheet Sheet1
A1: Data validation lists
B3: Pipelines
B4: Compressors
B5: City Gates, supply regulators and valve stations
B6: Metering
B7: Odorant plants
B8: SCADA (Communications)
B9: Buildings
B10: Land and easements
B11: Other depreciable pipeline assets
B12: Leased assets
A15: rsharedassets | B15: Shared property, plant and equipment
B16: Shared leased assets
B17: Other assets
A19: rYesNo | B19: Yes
B20: No
